 Dungeon Crawl Stone Soup version 0.32-a0-306-gfed3edf829 (webtiles) character file.

Game seed: 17379751544087184585

1489906 cforsyth the Wishgranter (level 27, 228/228 HPs)
             Began as a Djinni Hexslinger on Feb 14, 2024.
             Was a Favourite Plaything of Xom.
             Escaped with the Orb
             ... and 3 runes!
             The game lasted 03:52:41 (98488 turns).

cforsyth the Wishgranter (Djinni Hexslinger)       Turns: 98488, Time: 03:52:42

Health: 228/228    AC: 26    Str:  5    XL:     27
Gold:   5060       EV: 24    Int: 37    God:    Xom [..*...] SH: 20 Dex: 23

rFire   + + .        a - +6 short sword "Iribeash" {flame, rElec Dex+3 SInv Stlth-}
rCold   + . .        T - +4 kite shield
rNeg    + . .        N - +9 ring mail of a volcano {rN+ Int+5}
rPois   ∞            k - +2 helmet
rElec   +            H - +2 cloak {Will+}
rCorr   .            G - +2 pair of gloves
SInv    +            (boots unavailable)
Will    ++++.        O - amulet of regeneration Stlth
                     Y - ring "Dyagou" {rC++ Will+ EV+5 Str-4 Dex+3}
HPRegen 1.38/turn    I - +6 ring of intelligence
MPRegen 0.00/turn

%: no passive effects
@: flying, studying Unarmed Combat
A: sickness immunity, fire resistance 2, cold vulnerability 1, float, innate
caster, HP casting, extra vitality 1, deformed body
0: Orb of Zot
}: 3/15 runes: decaying, silver, gossamer
a: Renounce Religion


You escaped.
You worshipped Xom.
You were a toy of Xom.
You visited 10 branches of the dungeon, and saw 50 of its levels.
You also visited: Trove, Ossuary, Ice Cave, Wizlab and Desolation.

You collected 10981 gold pieces.
You spent 5921 gold pieces at shops.


Innate Abilities, Weirdness & Mutations

You are immune to sickness and miasma.
You are immune to poison.
Your flesh is very heat resistant. (rF++)
You are vulnerable to cold. (rC-)
You float through the air rather than walking.
You learn spells naturally, not from books.
Your magical power is your life essence.
You have superior vitality. (+4 MHP)
Armour fits poorly on your strangely shaped body.


   Skills:
 O Level 27 Fighting
 - Level 1.5 Ranged Weapons
 + Level 17.0 Armour
 + Level 20.8 Dodging
 + Level 17.0 Shields
 O Level 27 Spellcasting
 O Level 27 Conjurations
 O Level 27 Hexes
 O Level 27 Summonings
 O Level 27 Necromancy
 O Level 27 Translocations
 O Level 27 Fire Magic
 O Level 27 Ice Magic
 O Level 27 Air Magic
 O Level 27 Earth Magic
 O Level 27 Alchemy


You knew the following spells:

 Your Spells              Type           Power      Damage    Failure   Level
a - Necrotise             Necr           100%       1d9       0%          1
b - Summon Ice Beast      Ice/Summ       100%       N/A       0%          3
c - Cause Fear            Hex            64%        N/A       0%          4
d - Tukima's Dance        Hex            100%       N/A       0%          3
e - Animate Armour        Summ/Erth      100%       N/A       0%          4
f - Inner Flame           Hex/Fire       100%       N/A       0%          3
g - Summon Cactus Giant   Summ           64%        N/A       0%          6
h - Bombard               Conj/Erth      64%        9d11      0%          6
i - Disjunction           Tloc           64%        N/A       1%          8
j - Dragon's Call         Summ           64%        N/A       4%          9
l - Fireball              Conj/Fire      64%        3d24      0%          5
n - Chain Lightning       Conj/Air       64%        3d86      4%          9
s - Spellforged Servitor  Conj/Summ      64%        N/A       1%          7
t - Haunt                 Necr/Summ      64%        N/A       1%          7
B - Blink                 Tloc           100%       N/A       0%          2
X - Jinxbite              Hex            100%       N/A       0%          2
Y - Sigil of Binding      Hex            100%       N/A       0%          3
Z - Dimensional Bullseye  Hex/Tloc       64%        N/A       0%          4
Your spell library was empty.

Inventory:

Hand Weapons
 a - the +6 short sword "Iribeash" (weapon) {flame, rElec Dex+3 SInv Stlth-}
   (You found it on level 11 of the Dungeon)

   Dex+3:     It affects your dexterity (+3).
   rElec:     It insulates you from electricity.
   SInv:      It lets you see invisible.
   Stlth-:    It makes you less stealthy.
 w - the +5 shortbow of Resourcefulness {freeze, rC+ rN++ Str+4 Dex-4}
   (You bought it in a shop on level 3 of the Dungeon)

   Str+4:     It affects your strength (+4).
   Dex-4:     It affects your dexterity (-4).
   rC+:       It protects you from cold.
   rN++:      It greatly protects you from negative energy.
 F - the +4 whip of Pestilence {flame, rPois rF- rN+++ Dex-5}
   (You found it in a wizard's laboratory)

   Dex-5:     It affects your dexterity (-5).
   rF-:       It makes you vulnerable to fire.
   rPois:     It protects you from poison rN+++: It renders you almost immune to
   negative energy.
Armour
 i - a +0 kite shield
 k - a +2 helmet (worn)
 G - a +2 pair of gloves (worn)
 H - a +2 cloak of willpower (worn)
 N - the +9 ring mail of a volcano (worn) {rN+ Int+5}
   (You found it on level 9 of the Dungeon)

   Int+5:     It affects your intelligence (+5).
   rN+:       It protects you from negative energy.
 T - a +4 kite shield (worn)
Magical Staves
 h - a staff of cold {!a}
Jewellery
 c - a ring of protection from cold
 m - the ring "Munkocush" {rN+ Will+}
   (You found it in a treasure trove)

   [ring of willpower]

   rN+:       It protects you from negative energy.
   Will+:     It increases your willpower.
 v - a ring of see invisible
 C - the ring "Neahetez" {Fly rElec rF+ Dex+3}
   (You found it in the Desolation of Salt)

   [ring of flight]

   Dex+3:     It affects your dexterity (+3).
   rF+:       It protects you from fire.
   rElec:     It insulates you from electricity.
   Fly:       It grants you flight.
 I - a +6 ring of intelligence (right hand)
 O - an amulet of regeneration (around neck)
 R - a ring of resist corrosion
 S - the amulet of Poup {Reflect Int+3 Dex+3 SH+5}
   (You found it in a treasure trove)

   [amulet of reflection]

   Reflect:   It reflects blocked missile attacks.
   Int+3:     It affects your intelligence (+3).
   Dex+3:     It affects your dexterity (+3).
   SH+5:      It affects your SH (+5).
 V - the ring "Zevim" {rN+ Will+ SInv}
   (You found it in the Desolation of Salt)

   [ring of willpower]

   rN+:       It protects you from negative energy.
   Will+:     It increases your willpower.
   SInv:      It lets you see invisible.
 W - the ring of Sommiwne {Ice rElec rN+ Str+4 Dex+3}
   (You took it off an ironbound thunderhulk in a wizard's laboratory)

   [ring of ice]

   Ice:       It enhances your ice magic.
   Str+4:     It affects your strength (+4).
   Dex+3:     It affects your dexterity (+3).
   rF-:       It makes you vulnerable to fire.
   rC+:       It protects you from cold.
   rElec:     It insulates you from electricity.
   rN+:       It protects you from negative energy.
 Y - the ring "Dyagou" (left hand) {rC++ Will+ EV+5 Str-4 Dex+3}
   (You acquired it on level 4 of the Swamp)

   [ring of evasion]

   EV+5:      It affects your evasion (+5).
   Str-4:     It affects your strength (-4).
   Dex+3:     It affects your dexterity (+3).
   rC++:      It greatly protects you from cold.
   Will+:     It increases your willpower.
Wands
 e - a wand of iceblast (29)
 q - a wand of mindburst (48)
 K - a wand of digging (27)
 M - a wand of quicksilver (55)
 U - a wand of flame (167)
Scrolls
 b - 12 scrolls of poison
 l - 8 scrolls of fog
 p - 10 scrolls of fear
 r - 14 scrolls of teleportation {@r2}
 s - 8 scrolls of noise
 x - 7 scrolls of silence {!r}
 y - 13 scrolls of vulnerability
 z - 5 scrolls of immolation
 B - 5 scrolls of summoning
 E - 2 scrolls of blinking
 Z - 4 scrolls of torment
Potions
 d - 3 potions of heal wounds {@q2}
 f - 13 potions of brilliance
 g - 12 potions of curing {@q1}
 j - 9 potions of lignification
 n - 5 potions of enlightenment
 o - 4 potions of berserk rage {!q}
 t - 9 potions of attraction
 u - 10 potions of haste {@q3}
 A - 8 potions of ambrosia
 D - 2 potions of cancellation
 J - 8 potions of resistance
 P - 13 potions of might
 Q - 10 potions of invisibility
 X - 7 potions of mutation

Dungeon Overview and Level Annotations

Branches:
Dungeon (15/15)            Temple (0/1) D:5            Lair (5/5) D:8
  Swamp (4/4) Lair:2       Spider (4/4) Lair:3        Slime (0/5) Lair:4
    Orc (2/2) D:11            Elf (3/3) Orc:2        Vaults (5/5) D:14
  Crypt (3/3) Vaults:2       Tomb (0/3) Crypt:3      Depths (4/4) D:15
    Zot (5/5) Depths:4    Ossuary (visited)           IceCv (visited)
 WizLab (visited)         Desolation (visited)

Altars:
Ashenzari
Cheibriados
Fedhas
Gozag
Makhleb
Xom
Yredelemnul
The Shining One
Beogh
Jiyva

Shops:
D:3 ?*!:   D:6 **?(   D:11 *   D:13 ?   D:14 !   Orc:2 ([?=   Elf:1 [
Elf:2 :!:!(   Vaults:4 (([   Depths:3 [(::!

Portals:
Hell: Depths:1 Depths:2 Depths:3 Depths:4
Abyss: Depths:3
Pandemonium: Depths:2 Depths:3
Ziggurat: Depths:2

Annotations:
Swamp:2 2 transporters, Qaseokh's ghost, adept TeSu
Crypt:2 3 runed translucent doors, Uferhotu's ghost, veteran MiGl
Depths:2 2 transporters

.############## ###..[..........
..#...≈≈≈≈...# ♣♣#♣###########.##
###..........#♣♣.'.# #.#
.ß#....≈≈....#♣.♣#.####### #.#
..'...§......#♣.♣#.#.....# #.#
..'..........'.♣♣#.#####.# #.##
..'..........#####'# #.# #.##
.ß#....~~....#.....# #.# #.##
..#....)........@..# #.# ##.##
..#...~~~~...#.....#####.####...#
..##################.............
.......# #.###............
.......# #.# ##...###.....
.#.###.###### #.# ###.# ##...#
.#.###......#####.# #.#####.##
...##.(...........# #.#.......
..........#.####### #.#.....÷.


There were no monsters in sight!


Message History

The sixfirhy resists.
You kill the sixfirhy!
The bolt of lightning hits you. You resist.
A sixfirhy comes into view.
You block the sixfirhy's attack.
The sixfirhy hits you but does no damage.
There is an open door here.
Lightning arcs from your hands!
The bolt of lightning hits the sixfirhy!!!!
The sixfirhy resists.
You kill the sixfirhy!
The bolt of lightning hits you! You resist.
Unknown command.
There is a stone staircase leading up here.
You fly upwards.
There is a stone staircase leading down here.
Things that are here:
a +0 chain mail; a +0 short sword HP restored.
There is a stone staircase leading up here.
You fly upwards.
There is a stone staircase leading down here.
Okay, then.
There is an open gate here.
Aiming: Dig
Press: ? - help, Shift-Dir - straight line This square is covered in magical glow.
The rock shatters into small pieces.
There is a staircase leading out of the dungeon here.
You have escaped!

Skill      XL: |  1  2  3  4  5  6  7  8  9 10 11 12 13 14 15 16 17 18 19 20 21 22 23 24 25 26 27 |
---------------+----------------------------------------------------------------------------------+-----
Spellcasting   | 3 4 5 6 7 9 10 11 12 14 15 16 17 18 19 20 21 22 23 24 27 | 27.0
Conjurations   | 3 4 5 6 7 9 10 11 12 14 15 16 17 18 19 20 21 22 23 24 27 | 27.0
Hexes          | 3 4 5 6 7 9 10 11 12 14 15 16 17 18 19 20 21 22 23 24 27 | 27.0
Summonings     | 3 4 5 6 7 9 10 11 12 14 15 16 17 18 19 20 21 22 23 24 27 | 27.0
Necromancy     | 3 4 5 6 7 9 10 11 12 14 15 16 17 18 19 20 21 22 23 24 27 | 27.0
Translocations | 3 4 5 6 7 9 10 11 12 14 15 16 17 18 19 20 21 22 23 24 27 | 27.0
Fire Magic     | 3 4 5 6 7 9 10 11 12 14 15 16 17 18 19 20 21 22 23 24 27 | 27.0
Ice Magic      | 3 4 5 6 7 9 10 11 12 14 15 16 17 18 19 20 21 22 23 24 27 | 27.0
Air Magic      | 3 4 5 6 7 9 10 11 12 14 15 16 17 18 19 20 21 22 23 24 27 | 27.0
Earth Magic    | 3 4 5 6 7 9 10 11 12 14 15 16 17 18 19 20 21 22 23 24 27 | 27.0
Alchemy        | 3 4 5 6 7 9 10 11 12 14 15 16 17 18 19 20 21 22 23 24 27 | 27.0
Fighting       | 2 3 4 5 7 9 11 13 14 16 17 19 20 21 23 24 27 | 27.0
Shields        | 5 8 10 12 17 | 17.0
Dodging        | 6 9 12 14 16 18 19 20 | 20.8
Armour         | 7 10 17 | 17.0
Ranged Weapons | |  1.5

Action                     |  1- 3 |  4- 6 |  7- 9 | 10-12 | 13-15 | 16-18 | 19-21 | 22-24 | 25-27 || total
---------------------------+-------+-------+-------+-------+-------+-------+-------+-------+-------++-------
  Melee: Staff             |       |       |       |       |       |     3 |       |       |       ||     3
         Short sword       |       |       |       |       |       |       |     2 |     6 |     3 ||    11
   Fire: Sling             |    99 |   141 |   213 |   185 |     1 |       |       |       |       ||   639
         Shortbow          |       |       |       |       |       |     5 |     1 |       |       ||     6
   Cast: Jinxbite          |       |    30 |    11 |     2 |       |       |       |       |       ||    43
         Inner Flame       |       |    12 |    62 |   175 |   267 |   364 |   182 |     7 |       ||  1069
         Cause Fear        |       |       |     1 |     2 |       |     2 |     1 |       |       ||     6
         Summon Ice Beast  |       |       |     3 |    76 |    25 |    20 |     3 |     1 |       ||   128
         Blink             |       |       |     1 |       |       |       |       |       |     1 ||     2
         Tukima's Dance    |       |       |       |     4 |     1 |     4 |       |       |       ||     9
         Animate Armour    |       |       |       |    27 |    20 |    14 |     4 |       |       ||    65
         Fireball          |       |       |       |       |   285 |   482 |   309 |    12 |     3 ||  1091
         Summon Cactus Gia |       |       |       |       |    16 |    40 |    16 |     6 |     3 ||    81
         Bombard           |       |       |       |       |       |    74 |   294 |   749 |   461 ||  1578
         Spellforged Servi |       |       |       |       |       |       |    62 |    99 |    59 ||   220
         Haunt             |       |       |       |       |       |       |       |     2 |       ||     2
         Dragon's Call     |       |       |       |       |       |       |       |       |    21 ||    21
         Disjunction       |       |       |       |       |       |       |       |       |     2 ||     2
         Chain Lightning   |       |       |       |       |       |       |       |       |   760 ||   760
  Evoke: Wand              |       |       |       |       |       |       |       |       |     2 ||     2
    Use: Scroll            |       |     6 |     5 |     6 |     9 |     6 |     7 |     3 |    16 ||    58
         Potion            |       |       |     2 |     4 |       |     1 |       |       |    25 ||    32
 Armour: Robe              |    30 |    54 |   123 |   116 |       |       |       |       |       ||   323
         Ring mail         |       |       |       |    79 |   135 |   367 |   284 |   205 |   498 ||  1568
  Dodge: Dodged            |    41 |    51 |    90 |    82 |    39 |   117 |   140 |   258 |   343 ||  1161
  Block: Kite shield       |       |       |       |       |       |       |       |       |     2 ||     2

Levels and vault maps discovered:
D:1:      scummos_arrival_gate, layout_loops_ring
D:2:      layout_basic, shapermc_ecumenical_altar_mp_ritualfount, uniq_terence
D:3:      layout_basic, serial_shops, shop, nicolae_shop_crystal,
          nicolae_shop_behind_doors, shop, minmay_misc_feat_encased,
          uniq_crazy_yiuf_cottage
D:4:      layout_basic, chequers_temple_overflow_statue_of_worship,
          gup_ossuary_entry_pyramid, nicolae_zen_rock_garden,
          cheibrodos_gnoll_hut
D:5:      layout_basic, mainiacjoe_overflow_alcove_4, minmay_temple_entry_ruins,
          minmay_misc_feat_plants
D:6:      layout_basic, serial_shops, shop, shop, shop, shop,
          grunt_decor_one_mirror
D:7:      layout_cave_pools, lemuel_round_altar
D:8:      kb_forest_paths, layout_basic, david_lair_shrubbed,
          guppyfry_early_elven_hall
D:9:      layout_basic, uniq_erolcha
D:10:     cheibrodos_orc_bank, layout_small_grid, serial_bayou_pond_a,
          kennysheep_dice
D:11:     layout_small_grid, hiddenorc1_lemuel, minmay_tree_intersection,
          hex_large, nicolae_shop_sticking_my_neck_out
D:12:     layout_irregular_city, uniq_nessos
D:13:     layout_basic, serial_shops, nicolae_shop_rolled_up, st_stairs_9
D:14:     layout_rooms, hangedman_vaults_entry_quadrant_bands,
          serial_bayou_pond_b, serial_shops, nicolae_shop_window_shopping
D:15:     grunt_enter_depths_giant_problem, layout_loops_ring
Lair:1:   layout_cave_pods, serial_bayou_pond_e, grunt_megastairs_1
Lair:2:   layout_small_grid, nicolae_swamp_entry_splash_gauntlet,
          minmay_shattered_shrine
Lair:3:   layout_roguey [special_room_bee], dummy_spider_entry,
          gammafunk_ghost_split, nzn_random_ring
Lair:4:   layout_cave_pods, slime_entry_1, portal_ice_cave_entry_pillars_1, pond
Lair:5:   minmay_lair_end_enchanted_forest, layout_regular_city
Swamp:1:  layout_falls_marsh, evilmike_swamp_ruin_house_5, swamp_pool_1_2,
          nicolae_swamp_triple_paths
Swamp:2:  layout_basic_swamp, gammafunk_ghost_arena,
          evilmike_swamp_ruin_house_3, hangedman_swamp_dais, uniq_donald,
          uniq_nikola
Swamp:3:  layout_basic_swamp, nicolae_swamp_stair_fork, swamp_pool_5,
          nicolae_swamp_wisp_ring_woods, uniq_mlioglotl
Swamp:4:  byrel_swamp_growth_death_and_undeath, layout_basic_swamp,
          swamp_pool_1_2, infiniplex_staircase_pool
Spider:1: layout_cave_pods, hangedman_spider_tarantella_strand
Spider:2: nicolae_spider_hilbert_zone_1 [nicolae_spider_hilbert_4_sides_1_open,
          nicolae_spider_hilbert_4_sides_1_open,
          nicolae_spider_hilbert_4_sides_1_open,
          nicolae_spider_hilbert_4_sides_1_open,
          nicolae_spider_hilbert_3_sides_1_open,
          nicolae_spider_hilbert_3_sides_1_open,
          nicolae_spider_hilbert_3_sides_1_open,
          nicolae_spider_hilbert_3_sides_1_open,
          nicolae_spider_hilbert_3_sides_1_open,
          nicolae_spider_hilbert_6_sides_1_open,
          nicolae_spider_hilbert_6_sides_1_open,
          nicolae_spider_hilbert_3_sides_1_open,
          nicolae_spider_hilbert_3_sides_1_open,
          nicolae_spider_hilbert_3_sides_1_open,
          nicolae_spider_hilbert_3_sides_1_open,
          nicolae_spider_hilbert_2_sides_1_open]
Spider:3: layout_spider_delve, uniq_roxanne, uniq_mara
Spider:4: johnstein_spider_rune_arachne_lair, nicolae_spider_claw_tunnel
Orc:1:    orc_temple, layout_diamond_mine
Orc:2:    st_orc_mages, layout_caves, basic_altar, minmay_orc_temple_a,
          uniq_rupert
Elf:1:    eino_elf_arrival_the_gate, layout_geoelf_grid, serial_shops, shop,
          enter_trove_5, minmay_elf_sorcery, nicolae_elf_martial_mastery
Elf:2:    nicolae_elf_blades_crystal_corner, layout_gridlike, serial_shops,
          nicolae_shop_mannequins, shop, nicolae_diamond_shop, shop,
          nicolae_shop_hallway_stairs, kennysheep_underground_church
Elf:3:    minmay_elf_hall_curves, layout_loops_corners,
          roderic_lattice_octagonal_star
Vaults:1: mu_enter_wizlab_1, nicolae_vaults_windows_and_doors_thing, door_vault,
          hangedman_vaults_maws, vaults_room_hallway,
          vaults_room_grunt_arrival_ludios, nicolae_vaults_storage_room_water,
          vaults_dpeg_diagonal, vaults_dpeg_ring, layout_vaults_big_room
Vaults:2: minmay_crypt_entry_simple_box, nicolae_vaults_triangles,
          hangedman_vaults_impose, nicolae_vaults_network_quinsquares
          [nicolae_vaults_network_quincunx_subvault,
          nicolae_vaults_network_quincunx_subvault,
          nicolae_vaults_network_quincunx_subvault,
          nicolae_vaults_network_quincunx_subvault], v_misc_1,
          hangedman_vaults_river_flow, nicolae_vaults_yaktaur_gun_rack,
          nicolae_vaults_circle_grid_b, layout_vaults_omnigrid, uniq_margery,
          uniq_asterion, uniq_xtahua
Vaults:3: portal_desolation_entry_garden, v_misc_24, v_misc_2,
          nicolae_vaults_network_s, nicolae_vaults_storage_room_statues,
          nicolae_vaults_six-pack, nicolae_vaults_mitosis, v_misc_9,
          nicolae_vaults_little_squares_5, nicolae_vaults_whirlpool_walls,
          vaults_room_boxed, nicolae_vaults_house_3, layout_vaults_maze_bifur,
          serial_shops, shop
Vaults:4: v_misc_18, nicolae_vaults_diamond_1, v_misc_1,
          ontoclasm_vaults_misaligned, nicolae_vaults_network_periphery,
          kennysheep_vaults_gozag_temple, nicolae_vaults_what_the_h,
          nicolae_vaults_door_testing_chamber, dpeg_vaults_monster_box,
          nicolae_vaults_double_plus_3, layout_vaults_omnicross
Vaults:5
Crypt:1:  layout_regular_city, grunt_crypt_arrival_guarded_gate,
          grunt_megastairs_2
Crypt:2:  layout_basic, gammafunk_ghost_spectres, minivault_23, minivault_27,
          uniq_sojobo, uniq_boris
Crypt:3:  quadcrypt_mu, uniq_jory, uniq_josephina, uniq_zenata, uniq_grunn
Depths:1: layout_cross, nicolae_gozag_seed_capital, hangedman_coc_ice_floe,
          nicolae_guarded_unrand_lochaber, serial_bayou_shore_b
Depths:2: gammafunk_its_a_trap, layout_gridlike, enter_ziggurat_f,
          grunt_pan_entry_in_and_out, kennysheep_decorative_pillar, hell_entry
Depths:3: nzn_winding_woodlands_medium [nzn_winding_woodlands_5x5_three,
          nzn_winding_woodlands_5x15_crooked,
          nzn_winding_woodlands_5x5_perimeter,
          nzn_winding_woodlands_5x5_default, nzn_winding_woodlands_center_lodge,
          nzn_winding_woodlands_5x5_checkerboard,
          nzn_winding_woodlands_hourglass, nzn_winding_woodlands_5x15_jagged,
          nzn_winding_woodlands_5x5_default], layout_cave_shapes, serial_shops,
          nicolae_shop_crystal, rand_demon_pan_entry_8, abyss_entry, hell_entry,
          minmay_misc_feat_diagonals, infiniplex_staircase_zigzag_2,
          serial_bayou_shore_b, minmay_shoptagon, uniq_enchantress, uniq_parghit
Depths:4: lemuel_castle_with_subvaults [lemuel_castle_interior_carwin_1],
          layout_gridlike, hangedman_decor_lopped, grunt_mini_vestibule,
          roderic_lattice_a
Zot:1:    layout_misc_corridors, st_small_dragon_hoard_2
Zot:2:    cheibrodos_zot_enchanting_chambers, layout_gridlike,
          regret_index_zotdec_magical_s
Zot:3:    layout_gridlike
Zot:4:    layout_basic, regret_index_zotdec_decaying_vile, uniq_vv
Zot:5:    layout_misc_corridors, bh_zot_lava_cross

Notes
Turn   | Place    | Note
-------+----------+-------------------------------------------
     0 | D:1      | cforsyth the Djinni Hexslinger began the quest for the Orb.
     0 | D:1      | cforsyth set off with the following spells memorised:
                  | Jinxbite, Sigil of Binding, Inner Flame, Cause Fear,
                  | Dimensional Bullseye.
     0 | D:1      | Reached XP level 1. HP: 17/17 MP: 0/0
    53 | D:1      | Upgraded the game from 0.32-a0-290-g598725c5f2 to
                  | 0.32-a0-306-gfed3edf829
   157 | D:1      | Reached XP level 2. HP: 13/22 MP: 0/0
   271 | D:1      | Reached skill level 3 in Spellcasting
   271 | D:1      | Reached skill level 3 in Conjurations
   271 | D:1      | Reached skill level 3 in Hexes
   271 | D:1      | Reached skill level 3 in Summonings
   271 | D:1      | Reached skill level 3 in Necromancy
   271 | D:1      | Reached skill level 3 in Translocations
   271 | D:1      | Reached skill level 3 in Fire Magic
   271 | D:1      | Reached skill level 3 in Ice Magic
   271 | D:1      | Reached skill level 3 in Air Magic
   271 | D:1      | Reached skill level 3 in Earth Magic
   271 | D:1      | Reached skill level 3 in Alchemy
   357 | D:1      | Reached skill level 2 in Fighting
   357 | D:1      | Reached XP level 3. HP: 28/28 MP: 0/0
   357 | D:1      | Learned a level 1 spell: Necrotise
   754 | D:1      | Reached XP level 4. HP: 33/34 MP: 0/0
  1117 | D:2      | Noticed Terence
  1326 | D:2      | Reached skill level 3 in Fighting
  1326 | D:2      | Reached XP level 5. HP: 30/40 MP: 0/0
  1326 | D:2      | Learned a level 2 spell: Blink
  1528 | D:2      | Found a faded altar of an unknown god.
  1905 | D:2      | Killed Terence
  2373 | D:3      | Reached XP level 6. HP: 46/47 MP: 0/0
  2431 | D:3      | Reached skill level 4 in Spellcasting
  2431 | D:3      | Reached skill level 4 in Conjurations
  2431 | D:3      | Reached skill level 4 in Hexes
  2431 | D:3      | Reached skill level 4 in Summonings
  2431 | D:3      | Reached skill level 4 in Necromancy
  2431 | D:3      | Reached skill level 4 in Translocations
  2431 | D:3      | Reached skill level 4 in Fire Magic
  2431 | D:3      | Reached skill level 4 in Ice Magic
  2431 | D:3      | Reached skill level 4 in Air Magic
  2431 | D:3      | Reached skill level 4 in Earth Magic
  2431 | D:3      | Reached skill level 4 in Alchemy
  2496 | D:3      | Reached skill level 4 in Fighting
  2775 | D:3      | Found a runed translucent door.
  2776 | D:3      | Noticed Crazy Yiuf
  2799 | D:3      | Found Reson's Magic Scroll Shop.
  2808 | D:3      | Bought a scroll of identify for 22 gold pieces
  2863 | D:3      | Found Ydotwull's Book Boutique.
  2972 | D:3      | Found Seac's Assorted Antiques.
  2975 | D:3      | Bought a sapphire potion for 18 gold pieces
  2975 | D:3      | Bought a scroll labelled ZIAKUGOROU for 21 gold pieces
  2975 | D:3      | Bought a black potion for 18 gold pieces
  2975 | D:3      | Bought a bubbling orange potion for 18 gold pieces
  3091 | D:3      | Bought a scroll labelled ZIAKUGOROU for 21 gold pieces
  3121 | D:3      | Found Fyetuu's Distillery.
  3740 | D:4      | Reached XP level 7. HP: 53/53 MP: 0/0
  3740 | D:4      | Learned a level 3 spell: Tukima's Dance
  3781 | D:4      | Reached skill level 5 in Fighting
  3948 | D:4      | Found a snail-covered altar of Cheibriados.
  3948 | D:4      | Found a broken altar of Ashenzari.
  3950 | D:4      | Found a burning altar of Makhleb.
  3950 | D:4      | Found a basalt altar of Yredelemnul.
  3991 | D:4      | Found a sand-covered staircase.
  4010 | D:4      | HP: 1/54 [spore (14)]
  4120 | Ossuary  | Entered an ossuary
  4212 | Ossuary  | Reached skill level 5 in Spellcasting
  4212 | Ossuary  | Reached skill level 5 in Conjurations
  4212 | Ossuary  | Reached skill level 5 in Hexes
  4212 | Ossuary  | Reached skill level 5 in Summonings
  4212 | Ossuary  | Reached skill level 5 in Necromancy
  4212 | Ossuary  | Reached skill level 5 in Translocations
  4212 | Ossuary  | Reached skill level 5 in Fire Magic
  4212 | Ossuary  | Reached skill level 5 in Ice Magic
  4212 | Ossuary  | Reached skill level 5 in Air Magic
  4212 | Ossuary  | Reached skill level 5 in Earth Magic
  4212 | Ossuary  | Reached skill level 5 in Alchemy
  4340 | Ossuary  | Reached XP level 8. HP: 61/61 MP: 0/0
  4348 | Ossuary  | Reached skill level 6 in Fighting
  4631 | Ossuary  | Reached skill level 7 in Fighting
  4886 | Ossuary  | Reached skill level 6 in Spellcasting
  4886 | Ossuary  | Reached skill level 6 in Conjurations
  4886 | Ossuary  | Reached skill level 6 in Hexes
  4886 | Ossuary  | Reached skill level 6 in Summonings
  4886 | Ossuary  | Reached skill level 6 in Necromancy
  4886 | Ossuary  | Reached skill level 6 in Translocations
  4886 | Ossuary  | Reached skill level 6 in Fire Magic
  4886 | Ossuary  | Reached skill level 6 in Ice Magic
  4886 | Ossuary  | Reached skill level 6 in Air Magic
  4886 | Ossuary  | Reached skill level 6 in Earth Magic
  4886 | Ossuary  | Reached skill level 6 in Alchemy
  5014 | Ossuary  | Reached XP level 9. HP: 38/69 MP: 0/0
  5014 | Ossuary  | Learned a level 3 spell: Summon Ice Beast
  5937 | D:5      | Entered Level 5 of the Dungeon
  6039 | D:5      | You are sucked into a shaft and drop 1 floor!
  6069 | D:6      | Reached skill level 8 in Fighting
  6099 | D:6      | Found Ryphagif's General Store.
  6450 | D:6      | Found Kelifoc's Assorted Antiques.
  6518 | D:6      | Bought a ruby potion for 26 gold pieces
  6518 | D:6      | Bought a smoky sapphire potion for 26 gold pieces
  6525 | D:6      | Found Voiff's Antique Weapon Boutique.
  6716 | D:6      | Found Dollygoso's Magic Scroll Shoppe.
  6962 | D:5      | Reached skill level 7 in Spellcasting
  6962 | D:5      | Reached skill level 7 in Conjurations
  6962 | D:5      | Reached skill level 7 in Hexes
  6962 | D:5      | Reached skill level 7 in Summonings
  6962 | D:5      | Reached skill level 7 in Necromancy
  6962 | D:5      | Reached skill level 7 in Translocations
  6962 | D:5      | Reached skill level 7 in Fire Magic
  6962 | D:5      | Reached skill level 7 in Ice Magic
  6962 | D:5      | Reached skill level 7 in Air Magic
  6962 | D:5      | Reached skill level 7 in Earth Magic
  6962 | D:5      | Reached skill level 7 in Alchemy
  7041 | D:5      | Found a staircase to the Ecumenical Temple.
  7129 | D:5      | Found a shimmering altar of Xom.
  7455 | D:5      | Reached skill level 9 in Fighting
  8085 | D:7      | Reached XP level 10. HP: 49/78 MP: 0/0
  8181 | D:7      | Reached skill level 10 in Fighting
  8181 | D:7      | Reached skill level 8 in Spellcasting
  8181 | D:7      | Reached skill level 8 in Conjurations
  8181 | D:7      | Reached skill level 8 in Hexes
  8181 | D:7      | Reached skill level 8 in Summonings
  8181 | D:7      | Reached skill level 8 in Necromancy
  8181 | D:7      | Reached skill level 8 in Translocations
  8181 | D:7      | Reached skill level 8 in Fire Magic
  8181 | D:7      | Reached skill level 8 in Ice Magic
  8181 | D:7      | Reached skill level 8 in Air Magic
  8181 | D:7      | Reached skill level 8 in Earth Magic
  8181 | D:7      | Reached skill level 8 in Alchemy
  9051 | D:7      | Found a glowing golden altar of the Shining One.
 10239 | D:8      | Reached skill level 11 in Fighting
 10676 | D:8      | HP: 8/83 [centaur/arrow (13)]
 10682 | D:8      | Reached skill level 9 in Spellcasting
 10682 | D:8      | Reached skill level 9 in Conjurations
 10682 | D:8      | Reached skill level 9 in Hexes
 10682 | D:8      | Reached skill level 9 in Summonings
 10682 | D:8      | Reached skill level 9 in Necromancy
 10682 | D:8      | Reached skill level 9 in Translocations
 10682 | D:8      | Reached skill level 9 in Fire Magic
 10682 | D:8      | Reached skill level 9 in Ice Magic
 10682 | D:8      | Reached skill level 9 in Air Magic
 10682 | D:8      | Reached skill level 9 in Earth Magic
 10682 | D:8      | Reached skill level 9 in Alchemy
 10682 | D:8      | Reached XP level 11. HP: 29/87 MP: 0/0
 10682 | D:8      | Learned a level 4 spell: Animate Armour
 11433 | D:8      | Found a staircase to the Lair.
 11448 | D:8      | Noticed a deep elf pyromancer
 11458 | D:8      | Killed a deep elf pyromancer
 11640 | D:8      | Reached skill level 12 in Fighting
 12967 | D:9      | Identified the +9 ring mail of a volcano {rN+ Int+5}
 13022 | D:9      | Noticed Erolcha
 13034 | D:9      | Killed Erolcha
 13034 | D:9      | HP: 2/90 [spore (8)]
 13053 | D:10     | Entered Level 10 of the Dungeon
 13338 | D:9      | Reached skill level 10 in Spellcasting
 13338 | D:9      | Reached skill level 10 in Conjurations
 13338 | D:9      | Reached skill level 10 in Hexes
 13338 | D:9      | Reached skill level 10 in Summonings
 13338 | D:9      | Reached skill level 10 in Necromancy
 13338 | D:9      | Reached skill level 10 in Translocations
 13338 | D:9      | Reached skill level 10 in Fire Magic
 13338 | D:9      | Reached skill level 10 in Ice Magic
 13338 | D:9      | Reached skill level 10 in Air Magic
 13338 | D:9      | Reached skill level 10 in Earth Magic
 13338 | D:9      | Reached skill level 10 in Alchemy
 13495 | D:9      | Noticed a two-headed ogre
 13503 | D:9      | Killed a two-headed ogre
 13949 | D:9      | Reached skill level 13 in Fighting
 14430 | D:10     | Reached XP level 12. HP: 86/98 MP: 0/0
 15669 | D:11     | Reached skill level 11 in Spellcasting
 15669 | D:11     | Reached skill level 11 in Conjurations
 15669 | D:11     | Reached skill level 11 in Hexes
 15669 | D:11     | Reached skill level 11 in Summonings
 15669 | D:11     | Reached skill level 11 in Necromancy
 15669 | D:11     | Reached skill level 11 in Translocations
 15669 | D:11     | Reached skill level 11 in Fire Magic
 15669 | D:11     | Reached skill level 11 in Ice Magic
 15669 | D:11     | Reached skill level 11 in Air Magic
 15669 | D:11     | Reached skill level 11 in Earth Magic
 15669 | D:11     | Reached skill level 11 in Alchemy
 15670 | D:11     | Reached skill level 14 in Fighting
 15913 | D:11     | Identified the +6 short sword "Iribeash" {flame, rElec
                  | Dex+3 SInv Stlth-}
 15938 | D:11     | Noticed a two-headed ogre
 15946 | D:11     | Killed a two-headed ogre
 16122 | D:11     | Noticed a two-headed ogre
 16129 | D:11     | Killed a two-headed ogre
 16462 | D:11     | Found Hyemo's Neck Hole.
 16663 | D:11     | Identified 2 potions of resistance
 16688 | D:11     | Found a staircase to the Orcish Mines.
 16861 | D:12     | Noticed a boulder beetle
 16891 | D:12     | Killed a boulder beetle
 17030 | D:12     | Reached XP level 13. HP: 76/106 MP: 0/0
 17030 | D:12     | Learned a level 5 spell: Fireball
 17154 | D:12     | Noticed Nessos
 17161 | D:12     | Killed Nessos
 17400 | D:12     | Reached skill level 15 in Fighting
 18226 | Lair:1   | Entered Level 1 of the Lair of Beasts
 18247 | Lair:1   | Reached skill level 12 in Spellcasting
 18247 | Lair:1   | Reached skill level 12 in Conjurations
 18247 | Lair:1   | Reached skill level 12 in Hexes
 18247 | Lair:1   | Reached skill level 12 in Summonings
 18247 | Lair:1   | Reached skill level 12 in Necromancy
 18247 | Lair:1   | Reached skill level 12 in Translocations
 18247 | Lair:1   | Reached skill level 12 in Fire Magic
 18247 | Lair:1   | Reached skill level 12 in Ice Magic
 18247 | Lair:1   | Reached skill level 12 in Air Magic
 18247 | Lair:1   | Reached skill level 12 in Earth Magic
 18247 | Lair:1   | Reached skill level 12 in Alchemy
 19645 | Lair:2   | Found a staircase to the Swamp.
 19856 | Lair:2   | Reached skill level 16 in Fighting
 20591 | Lair:2   | Reached XP level 14. HP: 88/117 MP: 0/0
 21488 | Lair:3   | Reached skill level 13 in Spellcasting
 21488 | Lair:3   | Reached skill level 13 in Conjurations
 21488 | Lair:3   | Reached skill level 13 in Hexes
 21488 | Lair:3   | Reached skill level 13 in Summonings
 21488 | Lair:3   | Reached skill level 13 in Necromancy
 21488 | Lair:3   | Reached skill level 13 in Translocations
 21488 | Lair:3   | Reached skill level 13 in Fire Magic
 21488 | Lair:3   | Reached skill level 13 in Ice Magic
 21488 | Lair:3   | Reached skill level 13 in Air Magic
 21488 | Lair:3   | Reached skill level 13 in Earth Magic
 21488 | Lair:3   | Reached skill level 13 in Alchemy
 21931 | Lair:3   | Found a hole to the Spider Nest.
 21944 | Lair:3   | Found a runed translucent gate.
 21944 | Lair:3   | Noticed Gengi's ghost (journeyman DrSh)
 21997 | Lair:3   | Found a runed translucent gate.
 21997 | Lair:3   | Found a runed translucent gate.
 22321 | Lair:3   | Reached skill level 17 in Fighting
 24257 | Lair:4   | Found a frozen archway.
 24311 | Lair:4   | Found a staircase to the Slime Pits.
 24315 | Lair:4   | Found a viscous altar of Jiyva.
 24375 | IceCv    | Entered an ice cave
 24790 | IceCv    | Identified a +1 crystal plate armour of cold resistance
 24824 | IceCv    | Noticed a frost giant
 24835 | IceCv    | Killed a frost giant
 24836 | IceCv    | Reached skill level 14 in Spellcasting
 24836 | IceCv    | Reached skill level 14 in Conjurations
 24836 | IceCv    | Reached skill level 14 in Hexes
 24836 | IceCv    | Reached skill level 14 in Summonings
 24836 | IceCv    | Reached skill level 14 in Necromancy
 24836 | IceCv    | Reached skill level 14 in Translocations
 24836 | IceCv    | Reached skill level 14 in Fire Magic
 24836 | IceCv    | Reached skill level 14 in Ice Magic
 24836 | IceCv    | Reached skill level 14 in Air Magic
 24836 | IceCv    | Reached skill level 14 in Earth Magic
 24836 | IceCv    | Reached skill level 14 in Alchemy
 24839 | IceCv    | Reached XP level 15. HP: 30/126 MP: 0/0
 24839 | IceCv    | Learned a level 6 spell: Summon Cactus Giant
 25119 | IceCv    | Reached skill level 18 in Fighting
 26981 | Lair:5   | Entered Level 5 of the Lair of Beasts
 28090 | Lair:5   | Reached skill level 19 in Fighting
 29331 | Lair:5   | Reached skill level 15 in Spellcasting
 29331 | Lair:5   | Reached skill level 15 in Conjurations
 29331 | Lair:5   | Reached skill level 15 in Hexes
 29331 | Lair:5   | Reached skill level 15 in Summonings
 29331 | Lair:5   | Reached skill level 15 in Necromancy
 29331 | Lair:5   | Reached skill level 15 in Translocations
 29331 | Lair:5   | Reached skill level 15 in Fire Magic
 29331 | Lair:5   | Reached skill level 15 in Ice Magic
 29331 | Lair:5   | Reached skill level 15 in Air Magic
 29331 | Lair:5   | Reached skill level 15 in Earth Magic
 29331 | Lair:5   | Reached skill level 15 in Alchemy
 29614 | Lair:5   | Reached XP level 16. HP: 121/135 MP: 0/0
 30100 | Orc:1    | Entered Level 1 of the Orcish Mines
 31590 | Orc:1    | Found a roughly hewn altar of Beogh.
 31776 | Orc:1    | Identified the +9 short sword "Maatod" {protect, rElec
                  | rPois Str+4}
 32096 | Orc:2    | Entered Level 2 of the Orcish Mines
 32096 | Orc:2    | Noticed Rupert
 32096 | Orc:2    | Found a staircase to the Elven Halls.
 32098 | Orc:2    | Paralysed by Rupert for 4 turns
 32683 | Orc:2    | Killed Rupert
 32886 | Orc:2    | Found a roughly hewn altar of Beogh.
 33038 | Orc:2    | Reached skill level 20 in Fighting
 33983 | Orc:2    | Found Ubesiem's Jewellery Emporium.
 33983 | Orc:2    | Found Bedeamel's Antique Armour Shoppe.
 33984 | Orc:2    | Found Ekuiha's Weapon Shoppe.
 34008 | Orc:2    | Found Kubilij's Magic Scroll Emporium.
 34012 | Orc:2    | Bought a scroll of identify for 30 gold pieces
 34012 | Orc:2    | Bought a scroll of teleportation for 45 gold pieces
 34014 | Orc:2    | Bought a glowing cloak for 277 gold pieces
 34196 | D:6      | Bought an encrusted spear for 200 gold pieces
 34196 | D:6      | Identified the +10 spear of Leagiax {heavy, rC- Int+2
                  | Stlth+} (You bought it in a shop on level 6 of the Dungeon)
 34281 | D:3      | Bought an ancient shortbow for 168 gold pieces
 34281 | D:3      | Identified the +5 shortbow of Resourcefulness {freeze, rC+
                  | rN++ Str+4 Dex-4} (You bought it in a shop on level 3 of
                  | the Dungeon)
 34366 | D:3      | Killed Crazy Yiuf
 34654 | Lair:3   | Killed Gengi's ghost
 35484 | Orc:2    | Found a roughly hewn altar of Beogh.
 36392 | D:13     | Found Rellevoibi's Magic Scroll Emporium.
 36395 | D:13     | Bought a scroll of teleportation for 48 gold pieces
 36742 | D:14     | Reached skill level 16 in Spellcasting
 36742 | D:14     | Reached skill level 16 in Conjurations
 36742 | D:14     | Reached skill level 16 in Hexes
 36742 | D:14     | Reached skill level 16 in Summonings
 36742 | D:14     | Reached skill level 16 in Necromancy
 36742 | D:14     | Reached skill level 16 in Translocations
 36742 | D:14     | Reached skill level 16 in Fire Magic
 36742 | D:14     | Reached skill level 16 in Ice Magic
 36742 | D:14     | Reached skill level 16 in Air Magic
 36742 | D:14     | Reached skill level 16 in Earth Magic
 36742 | D:14     | Reached skill level 16 in Alchemy
 37247 | D:14     | Identified the +0 robe of Dishonour {Will+}
 37253 | D:14     | Reached XP level 17. HP: 93/145 MP: 0/0
 37253 | D:14     | Learned a level 6 spell: Bombard
 38437 | D:14     | Found Ipsipp's Distillery.
 38512 | D:14     | Bought a potion of haste for 170 gold pieces
 38577 | D:14     | Found a gate to the Vaults.
 38646 | D:15     | Entered Level 15 of the Dungeon
 39043 | D:15     | Found a staircase to the Depths.
 39052 | D:15     | Reached skill level 21 in Fighting
 39327 | D:15     | Reached skill level 1 in Shields
 39330 | D:15     | Reached skill level 3 in Dodging
 39496 | D:11     | Bought an amulet of regeneration for 390 gold pieces
 39695 | D:15     | Reached skill level 2 in Shields
 40665 | Spider:1 | Entered Level 1 of the Spider Nest
 40849 | Spider:1 | Reached skill level 4 in Dodging
 40900 | Spider:1 | Reached skill level 3 in Shields
 41092 | Spider:1 | Reached skill level 5 in Dodging
 41094 | Spider:1 | Reached skill level 4 in Shields
 43031 | Spider:2 | Reached skill level 6 in Dodging
 43034 | Spider:2 | Reached skill level 5 in Shields
 43192 | Spider:2 | Reached XP level 18. HP: 82/153 MP: 0/0
 44243 | Spider:3 | Noticed Mara
 44245 | Spider:3 | Noticed cforsyth's illusion
 44279 | Spider:2 | Noticed cforsyth's illusion
 44441 | Spider:2 | Killed Mara
 44442 | Spider:2 | Reached skill level 7 in Dodging
 44442 | Spider:2 | Reached skill level 6 in Shields
 44442 | Spider:2 | Reached skill level 17 in Spellcasting
 44442 | Spider:2 | Reached skill level 17 in Conjurations
 44442 | Spider:2 | Reached skill level 17 in Hexes
 44442 | Spider:2 | Reached skill level 17 in Summonings
 44442 | Spider:2 | Reached skill level 17 in Necromancy
 44442 | Spider:2 | Reached skill level 17 in Translocations
 44442 | Spider:2 | Reached skill level 17 in Fire Magic
 44442 | Spider:2 | Reached skill level 17 in Ice Magic
 44442 | Spider:2 | Reached skill level 17 in Air Magic
 44442 | Spider:2 | Reached skill level 17 in Earth Magic
 44442 | Spider:2 | Reached skill level 17 in Alchemy
 44929 | Spider:3 | Noticed Roxanne
 45000 | Spider:3 | Killed Roxanne
 45450 | Spider:3 | Reached skill level 8 in Dodging
 45658 | Spider:3 | Reached skill level 7 in Shields
 46278 | Spider:4 | Entered Level 4 of the Spider Nest
 46740 | Spider:4 | Reached skill level 9 in Dodging
 46959 | Spider:4 | Reached skill level 8 in Shields
 47623 | Spider:4 | Reached XP level 19. HP: 89/158 MP: 0/0
 47623 | Spider:4 | Learned a level 7 spell: Spellforged Servitor
 47988 | Spider:4 | Reached skill level 10 in Dodging
 48533 | Spider:4 | Reached skill level 9 in Shields
 48925 | Spider:4 | Noticed Arachne
 48940 | Spider:4 | Killed Arachne
 49193 | Spider:4 | Identified a scarf of resistance
 49309 | Spider:4 | Got a gossamer rune of Zot
 49561 | Swamp:1  | Entered Level 1 of the Swamp
 49794 | Swamp:1  | Identified the +2 robe of Precision Catastrophes {rN+ rCorr
                  | Str+2}
 50345 | Swamp:2  | Found a transporter.
 50373 | Swamp:2  | Noticed Nikola
 50956 | Swamp:2  | Reached skill level 11 in Dodging
 51138 | Swamp:2  | Reached skill level 10 in Shields
 51147 | Swamp:2  | Killed Nikola
 51383 | Swamp:2  | Reached skill level 18 in Spellcasting
 51383 | Swamp:2  | Reached skill level 18 in Conjurations
 51383 | Swamp:2  | Reached skill level 18 in Hexes
 51383 | Swamp:2  | Reached skill level 18 in Summonings
 51383 | Swamp:2  | Reached skill level 18 in Necromancy
 51383 | Swamp:2  | Reached skill level 18 in Translocations
 51383 | Swamp:2  | Reached skill level 18 in Fire Magic
 51383 | Swamp:2  | Reached skill level 18 in Ice Magic
 51383 | Swamp:2  | Reached skill level 18 in Air Magic
 51383 | Swamp:2  | Reached skill level 18 in Earth Magic
 51383 | Swamp:2  | Reached skill level 18 in Alchemy
 51394 | Swamp:2  | Noticed Donald
 51418 | Swamp:2  | Killed Donald
 51552 | Swamp:2  | Noticed a tentacled monstrosity
 51553 | Swamp:2  | Found a transporter.
 51560 | Swamp:2  | Noticed Qaseokh's ghost (adept TeSu)
 51562 | Swamp:2  | Identified the ring "Wekis" {+Blink rPois rC- rN++ Int+6}
 51942 | Swamp:3  | Noticed Mlioglotl
 51994 | Swamp:3  | Killed Mlioglotl
 52205 | Swamp:3  | Reached skill level 12 in Dodging
 52205 | Swamp:3  | Reached XP level 20. HP: 121/166 MP: 0/0
 52433 | Swamp:3  | Reached skill level 11 in Shields
 52888 | Swamp:4  | Entered Level 4 of the Swamp
 53213 | Swamp:4  | Identified a scroll of acquirement
 53532 | Swamp:4  | Acquired the ring "Dyagou" {rC++ Will+ EV+5 Str-4 Dex+3}
 53754 | Swamp:4  | Found a blossoming altar of Fedhas.
 53836 | Swamp:4  | Found a basalt altar of Yredelemnul.
 53849 | Swamp:4  | Got a decaying rune of Zot
 54067 | Swamp:4  | Reached skill level 13 in Dodging
 54458 | Vaults:1 | Entered Level 1 of the Vaults
 54541 | Vaults:1 | Found a magical portal.
 54549 | WizLab   | Entered Maxwell's Workshop
 54698 | WizLab   | Reached skill level 12 in Shields
 55013 | WizLab   | Found the +2 Maxwell's thermic engine {flame, freeze, rev}
 55368 | WizLab   | Reached skill level 14 in Dodging
 55398 | WizLab   | Identified the +4 whip of Pestilence {flame, rPois rF-
                  | rN+++ Dex-5}
 55412 | WizLab   | Identified the ring of Sommiwne {Ice rElec rN+ Str+4 Dex+3}
 55424 | WizLab   | Identified the +2 robe of Tehit {rF+}
 55504 | WizLab   | Noticed an electric golem
 55511 | WizLab   | Killed an electric golem
 55512 | WizLab   | Reached XP level 21. HP: 122/171 MP: 0/0
 55512 | WizLab   | Learned a level 7 spell: Haunt
 55748 | Vaults:1 | Reached skill level 19 in Spellcasting
 55748 | Vaults:1 | Reached skill level 19 in Conjurations
 55748 | Vaults:1 | Reached skill level 19 in Hexes
 55748 | Vaults:1 | Reached skill level 19 in Summonings
 55748 | Vaults:1 | Reached skill level 19 in Necromancy
 55748 | Vaults:1 | Reached skill level 19 in Translocations
 55748 | Vaults:1 | Reached skill level 19 in Fire Magic
 55748 | Vaults:1 | Reached skill level 19 in Ice Magic
 55748 | Vaults:1 | Reached skill level 19 in Air Magic
 55748 | Vaults:1 | Reached skill level 19 in Earth Magic
 55748 | Vaults:1 | Reached skill level 19 in Alchemy
 56138 | Vaults:1 | Reached skill level 15 in Dodging
 56261 | Vaults:1 | Found a huge runed translucent gate.
 56261 | Vaults:1 | Found a huge runed translucent gate.
 56261 | Vaults:1 | Found a huge runed translucent gate.
 56261 | Vaults:1 | Found a huge runed translucent gate.
 56261 | Vaults:1 | Found a huge runed translucent gate.
 56261 | Vaults:1 | Found a huge runed translucent gate.
 56261 | Vaults:1 | Found a huge runed translucent gate.
 56261 | Vaults:1 | Found a huge runed translucent gate.
 56261 | Vaults:1 | Found a huge runed translucent gate.
 56262 | Vaults:1 | Found a huge runed translucent gate.
 56262 | Vaults:1 | Found a huge runed translucent gate.
 56262 | Vaults:1 | Found a huge runed translucent gate.
 56262 | Vaults:1 | Found a huge runed translucent gate.
 56265 | Vaults:1 | Found a huge runed translucent gate.
 56265 | Vaults:1 | Found a huge runed translucent gate.
 56265 | Vaults:1 | Found a huge runed translucent gate.
 56265 | Vaults:1 | Found a huge runed translucent gate.
 56267 | Vaults:1 | Found a huge runed translucent gate.
 56268 | Vaults:1 | Found a huge runed translucent gate.
 56269 | Vaults:1 | Found a huge runed translucent gate.
 56269 | Vaults:1 | Found a huge runed translucent gate.
 56273 | Vaults:1 | Found a huge runed translucent gate.
 56276 | Vaults:1 | Found a huge runed translucent gate.
 56276 | Vaults:1 | Found a huge runed translucent gate.
 56276 | Vaults:1 | Found a huge runed translucent gate.
 56276 | Vaults:1 | Found a huge runed translucent gate.
 56278 | Vaults:1 | Found a huge runed translucent gate.
 56279 | Vaults:1 | Found a huge runed translucent gate.
 56280 | Vaults:1 | Found a huge runed translucent gate.
 56280 | Vaults:1 | Found a huge runed translucent gate.
 56284 | Vaults:1 | Found a huge runed translucent gate.
 56286 | Vaults:1 | Found a huge runed translucent gate.
 56286 | Vaults:1 | Found a huge runed translucent gate.
 56637 | Vaults:1 | Found a huge runed translucent gate.
 56637 | Vaults:1 | Found a huge runed translucent gate.
 56637 | Vaults:1 | Found a huge runed translucent gate.
 57772 | Vaults:2 | Reached skill level 16 in Dodging
 58028 | Vaults:2 | Noticed Margery
 58144 | Vaults:1 | Killed Margery
 58370 | Vaults:2 | Found a staircase to the Crypt.
 58577 | Vaults:2 | Reached XP level 22. HP: 108/178 MP: 0/0
 58579 | Vaults:2 | Identified the +7 arbalest "Veriromo" {flame, rPois rN+
                  | Str-2 Dex+3}
 58669 | Vaults:2 | Noticed Asterion
 58682 | Vaults:2 | Killed Asterion
 58703 | Vaults:2 | Noticed Xtahua
 58710 | Vaults:2 | Killed Xtahua
 59394 | Vaults:2 | Reached skill level 17 in Dodging
 59761 | Vaults:3 | Found a crumbling gateway.
 59772 | Desolati | Entered the Desolation of Salt
 59848 | Desolati | Reached skill level 20 in Spellcasting
 59848 | Desolati | Reached skill level 20 in Conjurations
 59848 | Desolati | Reached skill level 20 in Hexes
 59848 | Desolati | Reached skill level 20 in Summonings
 59848 | Desolati | Reached skill level 20 in Necromancy
 59848 | Desolati | Reached skill level 20 in Translocations
 59848 | Desolati | Reached skill level 20 in Fire Magic
 59848 | Desolati | Reached skill level 20 in Ice Magic
 59848 | Desolati | Reached skill level 20 in Air Magic
 59848 | Desolati | Reached skill level 20 in Earth Magic
 59848 | Desolati | Reached skill level 20 in Alchemy
 60264 | Desolati | Identified the ring "Wurghoka" {Fire MP+9 Str+3}
 60459 | Desolati | Identified the +0 bardiche of Famesywk {distort, *Slow
                  | rElec Will+++ SInv}
 60686 | Desolati | Found the +9 sword of Power {lifebolt}
 60687 | Desolati | Identified the ring "Zevim" {rN+ Will+ SInv}
 60692 | Desolati | Identified the ring "Neahetez" {Fly rElec rF+ Dex+3}
 61049 | Vaults:3 | Reached skill level 18 in Dodging
 62065 | Vaults:3 | Reached XP level 23. HP: 174/184 MP: 0/0
 62065 | Vaults:3 | Learned a level 8 spell: Disjunction
 62176 | Vaults:3 | Found Toagig's Antique Armour Shoppe.
 62448 | Vaults:4 | Reached skill level 19 in Dodging
 62530 | Vaults:4 | Reached skill level 1 in Armour
 62791 | Vaults:4 | Reached skill level 2 in Armour
 62887 | Vaults:4 | Noticed a dread lich
 62893 | Vaults:4 | Killed a dread lich
 62940 | Vaults:4 | Reached skill level 3 in Armour
 63260 | Vaults:4 | Reached skill level 21 in Spellcasting
 63260 | Vaults:4 | Reached skill level 21 in Conjurations
 63260 | Vaults:4 | Reached skill level 21 in Hexes
 63260 | Vaults:4 | Reached skill level 21 in Summonings
 63260 | Vaults:4 | Reached skill level 21 in Necromancy
 63260 | Vaults:4 | Reached skill level 21 in Translocations
 63260 | Vaults:4 | Reached skill level 21 in Fire Magic
 63260 | Vaults:4 | Reached skill level 21 in Ice Magic
 63260 | Vaults:4 | Reached skill level 21 in Air Magic
 63260 | Vaults:4 | Reached skill level 21 in Earth Magic
 63260 | Vaults:4 | Reached skill level 21 in Alchemy
 63306 | Vaults:4 | Found Gozag's Antique Weapon Shop.
 63312 | Vaults:4 | Found an opulent altar of Gozag.
 63312 | Vaults:4 | Found Gozag's Antique Weapon Boutique.
 63326 | Vaults:4 | Found Gozag's Antique Armour Boutique.
 63330 | Vaults:4 | Reached skill level 4 in Armour
 63459 | Vaults:4 | Noticed a dread lich
 63553 | Vaults:4 | Killed a dread lich
 63757 | Vaults:4 | Reached skill level 5 in Armour
 64391 | Vaults:4 | Reached skill level 6 in Armour
 64683 | Elf:1    | Entered Level 1 of the Elven Halls
 64793 | Elf:1    | Found Lumpezip's Antique Armour Emporium.
 64798 | Elf:1    | Bought a bloodstained ring mail for 270 gold pieces
 64798 | Elf:1    | Identified the +0 ring mail of Fashionability {+Inv rPois
                  | rC+} (You bought it in a shop on level 1 of the Elven
                  | Halls)
 64798 | Elf:1    | Bought a faintly humming chain mail for 285 gold pieces
 64798 | Elf:1    | Identified the +5 chain mail of the Beggar {Int+4} (You
                  | bought it in a shop on level 1 of the Elven Halls)
 65178 | Elf:1    | Reached skill level 7 in Armour
 65954 | Elf:1    | Identified the maw talisman of Oshacisev {rPois Slay+3}
 66225 | Elf:1    | Found a portal to a secret trove of treasure.
 66461 | Orc:2    | Bought ichor-stained fire dragon scales for 2405 gold
                  | pieces
 66461 | Orc:2    | Identified the +0 fire dragon scales of Ylymileg {rF++ rC-
                  | Dex+4} (You bought it in a shop on level 2 of the Orcish
                  | Mines)
 66901 | Elf:1    | You paid a toll of +3 fire dragon scales to enter a
                  | treasure trove
 66902 | Trove    | Entered a treasure trove
 66915 | Trove    | Identified the +6 quick blade of the Forest {venom,
                  | ^Fragile rN+ Will++ Int-5}
 66935 | Trove    | Identified the ring "Opaihogots" {*Slow Fly rPois MP+9
                  | Stlth+}
 66942 | Trove    | Identified the ring "Munkocush" {rN+ Will+}
 66944 | Trove    | Identified the amulet of Poup {Reflect Int+3 Dex+3 SH+5}
 67164 | Elf:2    | Reached XP level 24. HP: 186/191 MP: 0/0
 67169 | Elf:2    | Reached skill level 8 in Armour
 67334 | Elf:2    | Found Mupnivan's Book Shop.
 67470 | Elf:2    | Found Noalapra's Weapon Shoppe.
 67624 | Elf:2    | Found Goffuany's Distillery.
 67655 | Elf:2    | Bought a potion of haste for 140 gold pieces
 67668 | Elf:2    | Found Seonach's Distillery.
 67674 | Elf:2    | Bought a potion of heal wounds for 100 gold pieces
 67674 | Elf:2    | Bought a potion of heal wounds for 100 gold pieces
 67674 | Elf:2    | Bought a potion of heal wounds for 100 gold pieces
 67674 | Elf:2    | Bought a potion of haste for 200 gold pieces
 67744 | Elf:2    | Found a runed translucent gate.
 67745 | Elf:2    | Found a runed translucent gate.
 67745 | Elf:2    | Found a runed translucent gate.
 67804 | Elf:2    | Found Seobroe's Book Boutique.
 67944 | Elf:2    | Reached skill level 9 in Armour
 68465 | Elf:3    | Entered Level 3 of the Elven Halls
 69230 | Elf:3    | Reached skill level 22 in Spellcasting
 69230 | Elf:3    | Reached skill level 22 in Conjurations
 69230 | Elf:3    | Reached skill level 22 in Hexes
 69230 | Elf:3    | Reached skill level 22 in Summonings
 69230 | Elf:3    | Reached skill level 22 in Necromancy
 69230 | Elf:3    | Reached skill level 22 in Translocations
 69230 | Elf:3    | Reached skill level 22 in Fire Magic
 69230 | Elf:3    | Reached skill level 22 in Ice Magic
 69230 | Elf:3    | Reached skill level 22 in Air Magic
 69230 | Elf:3    | Reached skill level 22 in Earth Magic
 69230 | Elf:3    | Reached skill level 22 in Alchemy
 69232 | Elf:3    | Reached skill level 10 in Armour
 70029 | Elf:3    | Identified the +0 chain mail "Feepuumuck" {rF+}
 70029 | Elf:3    | Identified the ring "Nazokkoh" {Ice Will+ rCorr SInv}
 70168 | Elf:3    | Identified the +9 long sword of Gozag's Envy {pain, ^Drain
                  | rElec rPois rF++}
 70218 | Elf:3    | Identified the +1 trident "Widowermaker" {venom, rPois
                  | rCorr Str+2 Stlth+}
 70223 | Elf:3    | Identified the staff "Pussagh" {rPois rC+ Int-2 Dex+4 Ice
                  | Alchemy}
 70226 | Elf:3    | Identified the +0 trident of Mastery {pain, rN+++ Str-5
                  | Dex+5}
 70579 | Crypt:1  | Entered Level 1 of the Crypt
 71166 | Crypt:1  | Noticed a curse skull
 71168 | Crypt:1  | Killed a curse skull
 71738 | Crypt:2  | Reached XP level 25. HP: 162/198 MP: 0/0
 71738 | Crypt:2  | Learned a level 9 spell: Dragon's Call
 72045 | Crypt:2  | Identified the +4 robe of Decompression {rC+ Regen+ rCorr}
 72045 | Crypt:2  | Noticed Boris
 72053 | Crypt:2  | Killed Boris
 72209 | Crypt:2  | Noticed Sojobo
 72518 | Crypt:2  | Reached skill level 22 in Fighting
 72534 | Crypt:2  | Found a runed translucent gate.
 72534 | Crypt:2  | Found a runed translucent gate.
 72536 | Crypt:2  | Found a runed translucent gate.
 72536 | Crypt:2  | Noticed Uferhotu's ghost (veteran MiGl)
 72552 | Crypt:2  | Killed Sojobo
 73354 | Crypt:3  | Entered Level 3 of the Crypt
 73771 | Crypt:3  | Identified the ring "Jipicw" {Ice Str-3 Int+5}
 73771 | Crypt:3  | Noticed Josephina
 73776 | Crypt:3  | Killed Josephina
 73964 | Crypt:3  | Noticed a curse skull
 73971 | Crypt:3  | Killed a curse skull
 74058 | Crypt:3  | Identified the amulet of the Slug {RegenMP Dex+4}
 74060 | Crypt:3  | Identified the +3 dire flail "Udumuoro" {flame, rF+ Str+3
                  | Stlth+}
 74077 | Crypt:3  | Noticed Jory
 74086 | Crypt:3  | Killed Jory
 74413 | Crypt:3  | Found a staircase to the Tomb.
 74437 | Crypt:3  | Identified the ring of Fublariawa {Fly Str+5 Int-3 Dex+2
                  | SInv}
 74461 | Crypt:3  | Reached skill level 23 in Spellcasting
 74461 | Crypt:3  | Reached skill level 23 in Conjurations
 74461 | Crypt:3  | Reached skill level 23 in Hexes
 74461 | Crypt:3  | Reached skill level 23 in Summonings
 74461 | Crypt:3  | Reached skill level 23 in Necromancy
 74461 | Crypt:3  | Reached skill level 23 in Translocations
 74461 | Crypt:3  | Reached skill level 23 in Fire Magic
 74461 | Crypt:3  | Reached skill level 23 in Ice Magic
 74461 | Crypt:3  | Reached skill level 23 in Air Magic
 74461 | Crypt:3  | Reached skill level 23 in Earth Magic
 74461 | Crypt:3  | Reached skill level 23 in Alchemy
 74577 | Crypt:3  | Noticed Grunn
 74583 | Crypt:3  | Killed Grunn
 75007 | Crypt:3  | Noticed Zenata
 75016 | Crypt:3  | Killed Zenata
 75124 | Crypt:3  | Identified the +7 arbalest of the Nurturing King {flame,
                  | Dex+5}
 75127 | Crypt:3  | Identified the staff of Ugec {^Drain Fly rC+ Str+6 Tloc
                  | Ice}
 75127 | Crypt:3  | Identified the death talisman "Gosaemif" {*Slow rF++ Str+2}
 75139 | Crypt:3  | Noticed an ancient lich
 75144 | Crypt:3  | Killed an ancient lich
 75933 | Vaults:5 | Entered Level 5 of the Vaults
 75935 | Vaults:5 | Noticed a dread lich
 76036 | Vaults:4 | Reached skill level 23 in Fighting
 76147 | Vaults:5 | HP: 11/202 [lich/bolt of cold (31)]
 76184 | Vaults:5 | Reached XP level 26. HP: 103/209 MP: 0/0
 76263 | Vaults:5 | Identified the ring "Cysel" {+Blink rPois EV+5 Int-3
                  | Stlth+}
 76292 | Vaults:5 | Killed a dread lich
 76410 | Vaults:5 | Noticed an ancient lich
 76413 | Vaults:5 | Killed an ancient lich
 76463 | Vaults:5 | Identified the ring "Kuulageu" {Fly rF+ rC- AC+4 Int+4}
 76465 | Vaults:5 | Identified the ring "Giaduan" {rF+ rC+ Str+2 Int+3}
 77078 | Vaults:5 | Identified the +6 great sword of Uklel {chaos, *Noise rPois
                  | rF+++}
 77161 | Vaults:5 | Reached skill level 24 in Fighting
 77441 | Vaults:5 | Reached skill level 24 in Spellcasting
 77441 | Vaults:5 | Reached skill level 24 in Conjurations
 77441 | Vaults:5 | Reached skill level 24 in Hexes
 77441 | Vaults:5 | Reached skill level 24 in Summonings
 77441 | Vaults:5 | Reached skill level 24 in Necromancy
 77441 | Vaults:5 | Reached skill level 24 in Translocations
 77441 | Vaults:5 | Reached skill level 24 in Fire Magic
 77441 | Vaults:5 | Reached skill level 24 in Ice Magic
 77441 | Vaults:5 | Reached skill level 24 in Air Magic
 77441 | Vaults:5 | Reached skill level 24 in Earth Magic
 77441 | Vaults:5 | Reached skill level 24 in Alchemy
 77759 | Vaults:5 | Identified the +11 orcbow "Heatonew" {antimagic, rF+ Str+2}
 77762 | Vaults:5 | Noticed a dread lich
 77762 | Vaults:5 | Noticed a dread lich
 77773 | Vaults:5 | Killed a dread lich
 77780 | Vaults:5 | Killed a dread lich
 77799 | Vaults:5 | Noticed an ancient lich
 77812 | Vaults:5 | Killed an ancient lich
 77953 | Vaults:5 | Identified the +0 mace of Umiomous {pain, +Blink rF+ MP-9
                  | Int+4 Dex+3}
 78501 | Vaults:5 | Identified the staff of Checks and Balances {rN+ Int+4
                  | Stlth+ Necro}
 78505 | Vaults:5 | Got a silver rune of Zot
 78548 | Vaults:5 | Reached XP level 27. HP: 205/216 MP: 0/0
 78548 | Vaults:5 | Learned a level 9 spell: Chain Lightning
 79003 | Depths:1 | Entered Level 1 of the Depths
 80135 | Depths:1 | Acquired a manual of Armour
 80143 | Depths:1 | Found an opulent altar of Gozag.
 80295 | Depths:1 | Found a gateway to Hell.
 80365 | Depths:1 | Found the +5 Lochaber axe {reach-cleave, Poleaxe ^Drain}
 80428 | Depths:2 | Found a transporter.
 80429 | Depths:2 | Found the +8 trishula "Condemnation" {holy, anguish, *Noise
                  | Fly rN+}
 80488 | Depths:2 | Identified the +3 robe of the Zebra {Harm SInv}
 80488 | Depths:2 | Noticed Boris
 80501 | Depths:2 | Killed Boris
 80646 | Depths:2 | Found a transporter.
 80723 | Depths:2 | Found a one-way gateway to a ziggurat.
 80823 | Depths:2 | Reached skill level 11 in Armour
 81503 | Depths:2 | Found a one-way gate leading to the halls of Pandemonium.
 81752 | Depths:3 | Reached skill level 13 in Shields
 81770 | Depths:3 | Found Yvvacs's Book Shoppe.
 81774 | Depths:3 | Noticed Parghit
 81895 | Depths:3 | Killed Parghit
 81896 | Depths:3 | Reached skill level 12 in Armour
 82061 | Depths:3 | Found Viuf's Book Shoppe.
 82063 | Depths:3 | Found Ygunoisk's Weapon Emporium.
 82068 | Depths:3 | Found Oseinef's Antique Armour Emporium.
 82078 | Depths:3 | Bought a smoking scale mail for 441 gold pieces
 82078 | Depths:3 | Identified the +0 scale mail "Xaamoti" {rF+} (You bought it
                  | in a shop on level 3 of the Depths)
 82115 | Depths:3 | Noticed the Enchantress
 82119 | Depths:3 | Killed the Enchantress
 82227 | Depths:3 | Reached skill level 13 in Armour
 82552 | Depths:3 | Found Moikhil's Distillery.
 82581 | Depths:3 | Bought 2 potions of haste for 300 gold pieces
 82611 | Depths:3 | Reached skill level 25 in Spellcasting
 82611 | Depths:3 | Reached skill level 25 in Conjurations
 82611 | Depths:3 | Reached skill level 25 in Hexes
 82611 | Depths:3 | Reached skill level 25 in Summonings
 82611 | Depths:3 | Reached skill level 25 in Necromancy
 82611 | Depths:3 | Reached skill level 25 in Translocations
 82611 | Depths:3 | Reached skill level 25 in Fire Magic
 82611 | Depths:3 | Reached skill level 25 in Ice Magic
 82611 | Depths:3 | Reached skill level 25 in Air Magic
 82611 | Depths:3 | Reached skill level 25 in Earth Magic
 82611 | Depths:3 | Reached skill level 25 in Alchemy
 82807 | Depths:3 | Identified the +1 ring mail of Ofyunl Toor {-Cast Harm
                  | Str+7 Dex+2}
 82868 | Depths:3 | Reached skill level 14 in Shields
 82943 | Depths:3 | Found a one-way gate to the infinite horrors of the Abyss.
 83286 | Depths:4 | Entered Level 4 of the Depths
 83406 | Depths:4 | Reached skill level 14 in Armour
 84374 | Depths:4 | Reached skill level 15 in Shields
 85321 | Depths:4 | Found a gate to the Realm of Zot.
 86186 | D:3      | Bought a scroll of revelation for 82 gold pieces
 86562 | Zot:1    | Entered Level 1 of the Realm of Zot
 86577 | Zot:1    | Reached skill level 26 in Spellcasting
 86577 | Zot:1    | Reached skill level 26 in Conjurations
 86577 | Zot:1    | Reached skill level 26 in Hexes
 86577 | Zot:1    | Reached skill level 26 in Summonings
 86577 | Zot:1    | Reached skill level 26 in Necromancy
 86577 | Zot:1    | Reached skill level 26 in Translocations
 86577 | Zot:1    | Reached skill level 26 in Fire Magic
 86577 | Zot:1    | Reached skill level 26 in Ice Magic
 86577 | Zot:1    | Reached skill level 26 in Air Magic
 86577 | Zot:1    | Reached skill level 26 in Earth Magic
 86577 | Zot:1    | Reached skill level 26 in Alchemy
 86634 | Zot:1    | Identified the +4 rapier "Quenaiwk" {pain, *Rage Int+4
                  | SInv}
 87933 | Zot:2    | Reached skill level 25 in Fighting
 90125 | Zot:3    | Reached skill level 27 in Spellcasting
 90125 | Zot:3    | Reached skill level 27 in Conjurations
 90125 | Zot:3    | Reached skill level 27 in Hexes
 90125 | Zot:3    | Reached skill level 27 in Summonings
 90125 | Zot:3    | Reached skill level 27 in Necromancy
 90125 | Zot:3    | Reached skill level 27 in Translocations
 90125 | Zot:3    | Reached skill level 27 in Fire Magic
 90125 | Zot:3    | Reached skill level 27 in Ice Magic
 90125 | Zot:3    | Reached skill level 27 in Air Magic
 90125 | Zot:3    | Reached skill level 27 in Earth Magic
 90125 | Zot:3    | Reached skill level 27 in Alchemy
 90794 | Zot:3    | Reached skill level 26 in Fighting
 91145 | Zot:4    | Noticed a Killer Klown
 91148 | Zot:4    | Killed a Killer Klown
 91544 | Zot:4    | Noticed Vv
 91550 | Zot:4    | Killed Vv
 92341 | Zot:4    | Reached skill level 27 in Fighting
 92366 | Zot:4    | Noticed a curse toe
 92370 | Zot:4    | Killed a curse toe
 93190 | Zot:5    | Entered Level 5 of the Realm of Zot
 93558 | Zot:5    | Noticed a Killer Klown
 93562 | Zot:5    | Killed a Killer Klown
 93740 | Zot:5    | Noticed an electric golem
 93748 | Zot:5    | Killed an electric golem
 93836 | Zot:5    | Noticed an orb of fire
 93840 | Zot:5    | Noticed a Killer Klown
 93840 | Zot:5    | Gained mutation: Armour fits poorly on your strangely
                  | shaped body. [an orb of fire]
 93842 | Zot:5    | Killed an orb of fire
 93843 | Zot:5    | Killed a Killer Klown
 93844 | Zot:5    | Reached skill level 15 in Armour
 93848 | Zot:5    | Noticed an orb of fire
 93852 | Zot:5    | Noticed a dread lich
 93858 | Zot:5    | Killed a dread lich
 93956 | Zot:5    | Killed an orb of fire
 94404 | Zot:5    | Noticed a dread lich
 94407 | Zot:5    | Killed a dread lich
 95045 | Zot:5    | Noticed an ancient lich
 95048 | Zot:5    | Killed an ancient lich
 95209 | Zot:5    | Reached skill level 16 in Armour
 95215 | Zot:5    | Noticed a dread lich
 95216 | Zot:5    | Reached skill level 16 in Shields
 95217 | Zot:5    | Noticed a Killer Klown
 95218 | Zot:5    | Killed a dread lich
 95219 | Zot:5    | Killed a Killer Klown
 95220 | Zot:5    | Reached skill level 20 in Dodging
 95438 | Zot:5    | Noticed a dread lich
 95443 | Zot:5    | Killed a dread lich
 95510 | Zot:5    | Noticed an electric golem
 95518 | Zot:5    | Killed an electric golem
 95818 | Zot:5    | Noticed an ancient lich
 95822 | Zot:5    | Killed an ancient lich
 95914 | Zot:5    | Noticed an ancient lich
 95917 | Zot:5    | Killed an ancient lich
 96608 | D:5      | Became a worshipper of Xom the Unpredictable
 96647 | D:6      | XOM: silly message
 97287 | Zot:5    | XOM: 2-stop teleportation journey
 97744 | Zot:5    | Got the Orb of Zot
 97811 | Zot:4    | Noticed Yssonora the pandemonium lord
 97813 | Zot:4    | XOM: divination: magic mapping
 97816 | Zot:4    | Killed Yssonora the pandemonium lord
 97888 | Zot:1    | XOM: silly message
 97903 | Zot:1    | Noticed Coymosen the pandemonium lord
 97909 | Zot:1    | Killed Coymosen the pandemonium lord
 98130 | D:14     | Noticed Gita Kos the pandemonium lord
 98138 | D:14     | Killed Gita Kos the pandemonium lord
 98225 | D:10     | Reached skill level 17 in Armour
 98365 | D:4      | Reached skill level 17 in Shields
 98488 | D:$      | Escaped with the Orb!

Vanquished Creatures
  5 dread liches
  Mara (Spider:2)
  An orb of fire (Zot:5)
  6 ancient liches
  Xtahua (Vaults:2)
  Boris (twice) (Crypt:2 Depths:2)
  Josephina (Crypt:3)
  Parghit (Depths:3)
  Vv (Zot:4)
  4 Killer Klowns
  A curse toe (Zot:4)
  Margery (Vaults:1)
  14 golden dragons
  Nikola (Swamp:2)
  Jory (Crypt:3)
  Arachne (Spider:4)
  A profane servitor (D:4)
  the Enchantress (Depths:3)
  2 bone dragons
  An electric golem (Zot:5)
  2 doom hounds (Crypt:3)
  A Brimstone Fiend (Zot:1)
  Rupert (Orc:2)
  13 tentacled monstrosities
  Mlioglotl (Swamp:3)
  Asterion (Vaults:2)
  26 Orb Guardians
  12 quicksilver dragons
  A walking earthen tome (Depths:3)
  A searing wretch (Vaults:2)
  3 liches (Crypt:3)
  2 titans (Vaults:5)
  4 sphinxes
  3 deep elf master archers
  8 death cobs
  An ancient champion (Crypt:2)
  3 deep elf blademasters
  A thorn hunter (Swamp:4)
  10 shadow dragons
  3 nameless horrors
  13 storm dragons
  4 tengu reavers
  Roxanne (Spider:3)
  4 revenants
  10 draconian monks
  6 protean progenitors
  5 draconian knights
  5 emperor scorpions
  11 fire giants
  8 frost giants
  3 iron dragons
  14 vault wardens
  7 ghost moths
  6 deep elf sorcerers
  2 draconian scorchers
  6 draconian shifters
  2 deep elf elementalists (Elf:3)
  An imperial myrmidon (Desolation)
  2 balrugs
  A juggernaut zombie (Crypt:3)
  4 orc warlords
  11 ironbound preservers
  5 draconian annihilators
  A formless jellyfish (Vaults:2)
  A curse skull (Crypt:3)
  12 very ugly things
  3 spriggan defenders (Depths:3)
  6 draconian stormcallers
  2 reapers
  13 ghouls
  9 ironbound thunderhulks
  16 stone giants
  2 caustic shrike skeletons (Crypt:3)
  A cacodemon (D:3)
  15 green draconians
  3 broodmothers
  4 deep elf death magi
  A lorocyproca (D:5)
  2 vampire knights (Crypt:2)
  6 eleionomae
  4 deep elf demonologists (Elf:3)
  12 war gargoyles
  9 red draconians
  The ghost of Gengi the Grappler, a journeyman DrSh of Gozag (Lair:3)
  24 purple draconians
  A halazid warlock (Desolation)
  19 black draconians
  3 deep elf annihilators
  4 bunyips
  2 dire elephants (Vaults:2)
  10 white draconians
  4 yellow draconians
  11 spark wasps
  11 ettins
  A merfolk javelineer (Depths:4)
  2 eidola
  3 blizzard demons
  7 ragged hierophants (Desolation)
  14 yaktaur captains
  4 jiangshi
  7 fire dragons
  2 shambling mangroves
  A crystal guardian (WizLab)
  5 deep elf high priests
  A salamander tyrant (WizLab)
  3 entropy weavers
  2 rakshasas
  14 vault guards
  12 hydras
  13 great orbs of eyes
  2 hell beasts
  11 peacekeepers
  5 ghost crabs
  6 ice dragons
  2 servants of whispers (Desolation)
  5 ogre magi
  5 spriggan air magi
  An anaconda (shapeshifter) (Depths:3)
  8 centaur warriors
  4 boulder beetles
  3 jorogumos (Spider:4)
  10 alligators
  A catoblepas (Lair:5)
  9 death yaks
  18 dancing weapons
  4 radroaches
  11 ironbound frosthearts
  4 death knights
  A satyr (Zot:2)
  9 two-headed ogres
  4 tengu warriors
  3 orc high priests
  5 deep troll earth magi
  2 deep troll shamans
  6 demonic crawlers
  6 spriggan berserkers
  3 vampire magi
  3 occultists
  2 soul eaters
  A storm dragon zombie (Crypt:1)
  2 skysharks
  A fire crab (shapeshifter) (Elf:2)
  22 hell knights
  14 deep elf knights
  4 sun demons
  5 pharaoh ants
  An anaconda zombie (Crypt:2)
  3 shadow wraiths
  An iron troll (Depths:2)
  2 goliath frogs (Swamp:1)
  A shadow demon (Zot:1)
  2 golden dragon zombies
  2 sixfirhies (D:3)
  9 swamp dragons
  5 flayed ghosts
  28 deep trolls
  13 orb spiders
  7 arcanists
  6 spriggan druids
  2 glowing orange brains
  22 skeletal warriors
  15 ironbound convokers
  2 death drakes (Depths:4)
  3 spectral hydras (Swamp:4)
  4 steelbarb worms
  A sun moth (Spider:3)
  5 bog bodies
  7 deep elf archers
  A golden dragon skeleton (Vaults:1)
  An anaconda skeleton (Crypt:3)
  A shadow dragon zombie (Vaults:5)
  8 orc knights
  A tengu zombie (Vaults:4)
  2 spriggan simulacra (Crypt:3)
  2 lightning spires (WizLab)
  32 deep elf pyromancers
  5 lindwurms
  A jorogumo zombie (Crypt:2)
  16 deep elf zephyrmancers
  8 necromancers
  13 phantasmal warriors
  2 shining eyes (Zot:3)
  3 oklob plants (Swamp:4)
  8 orc sorcerers
  3 cyclopes
  20 ugly things
  A frost giant zombie (Vaults:1)
  24 wolf spiders
  2 will-o-the-wisps (Swamp:3)
  A jorogumo skeleton (Crypt:2)
  2 salamanders
  2 manticores (D:12)
  29 moths of wrath
  2 stone giant skeletons
  12 vault sentinels
  6 meliai (Spider:4)
  5 black mambas
  2 guardian serpents (Desolation)
  A rust devil (D:9)
  An ice statue (IceCv)
  An eye of devastation (shapeshifter) (Vaults:1)
  14 elephants
  3 molten gargoyles (WizLab)
  A kobold blastminer (Orc:1)
  A smoke demon (Depths:2)
  17 cane toads
  11 gargoyles
  A torpor snail (shapeshifter) (Vaults:5)
  4 centaur skeletons (D:14)
  A large abomination (D:14)
  7 torpor snails
  2 kobold demonologists
  7 rime drakes
  24 yaktaurs
  3 freezing wraiths
  A hellion (Depths:1)
  9 komodo dragons
  A tormentor (Depths:2)
  A catoblepas skeleton (Crypt:1)
  2 harpy zombies
  A tengu conjurer (Depths:3)
  4 guardian mummies
  A queen bee (Lair:3)
  11 polar bears
  4 bloated husks
  45 saltlings (Desolation)
  7 trolls
  16 hornets
  2 harpy skeletons
  2 hydra skeletons (Swamp:4)
  A sun moth zombie (Crypt:2)
  A radroach zombie (Crypt:2)
  8 tyrant leeches
  12 blink frogs
  17 tarantellas
  2 glass eyes
  4 stone giant simulacra
  An ettin zombie (Vaults:4)
  A merfolk zombie (Crypt:1)
  3 dream sheep
  31 slime creatures
  A human simulacrum (Vaults:2)
  18 jumping spiders
  24 culicivoras
  4 water elementals
  5 shadows
  2 ettin skeletons
  52 yaks
  31 spriggans
  8 wyverns
  6 fire elementals
  A wyvern (shapeshifter) (D:15)
  A wind drake zombie (Crypt:2)
  4 fire dragon skeletons (Crypt:3)
  4 basilisks
  7 wraiths
  56 redbacks
  2 steam dragons
  3 wargs
  An elf skeleton (Vaults:4)
  13 vampire mosquitoes
  16 swamp worms
  2 naga zombies
  A water nymph zombie (Crypt:2)
  3 acid dragons
  18 water moccasins
  4 hell hounds (Zot:5)
  2 hydra simulacra (Swamp:4)
  34 orc warriors
  A glowing shapeshifter skeleton (Crypt:1)
  3 swamp dragon zombies (Swamp:4)
  8 swamp drakes
  A sky beast (D:7)
  A swamp worm (shapeshifter) (Vaults:5)
  15 laughing skulls
  6 black bears
  An ice beast (D:5)
  7 ogres
  26 wolves
  4 boggarts (Lair:5)
  15 centaurs
  A phantom (D:6)
  2 kobold brigands (D:10)
  2 gnoll sergeants (D:8)
  14 bullfrogs
  4 earth elementals
  A naga simulacrum (Crypt:1)
  11 scorpions (Ossuary)
  9 wights
  33 killer bees
  4 howler monkeys
  3 electric eels (Lair:2)
  A crimson imp (Zot:4)
  3 centaur zombies (Ossuary)
  41 orc priests
  4 hounds
  3 bombardier beetles
  A jelly (D:4)
  2 gnoll boudas
  6 human zombies
  2 iguanas
  A sleepcap (D:8)
  2 human skeletons
  2 scorpion zombies (Ossuary)
  4 hell rats (Lair:3)
  55 orc wizards
  Terence (D:2)
  12 mummies
  23 gnolls
  5 adders
  A swamp drake skeleton (Swamp:4)
  A swamp drake zombie (Swamp:4)
  A shadow imp (D:5)
  A white imp (D:5)
  3 adder zombies (Ossuary)
  A dart slug (D:4)
  3 ribbon worms
  83 orcs
  4 bats
  6 endoplasms
  4 giant cockroaches
  2 gnoll zombies (Ossuary)
  7 goblins
  13 hobgoblins
  7 jackals
  2 quokkas
  7 ball pythons
  A ball python skeleton (Crypt:1)
  2 ball python zombies (Ossuary)
  5 frilled lizards
  A goblin zombie (Crypt:2)
  3 jackal zombies (Ossuary)
  20 kobolds
  An orc zombie (Ossuary)
  4 rats
  7 aspiring fleshes
2276 creatures vanquished.

Vanquished Creatures (collateral kills)
  4 dread liches
  An orb of fire (Zot:5)
  Sojobo (Crypt:2)
  A golden dragon (Vaults:5)
  2 electric golems
  Grunn (Crypt:3)
  2 tentacled monstrosities
  An Ice Fiend (D:14)
  Zenata (Crypt:3)
  2 Orb Guardians (Zot:5)
  A Hell Sentinel (D:13)
  2 titans (Vaults:5)
  2 liches (Vaults:5)
  3 pandemonium lords
  A deep elf master archer (Elf:3)
  4 sphinxes
  5 quicksilver dragons
  An ancient champion (Vaults:2)
  A shadow dragon (Vaults:5)
  2 storm dragons
  3 draconian monks (Zot:1)
  7 tengu reavers
  Donald (Swamp:2)
  A protean progenitor (Zot:1)
  A draconian knight (Zot:5)
  6 fire giants
  5 vault wardens
  An emperor scorpion (Spider:2)
  An iron dragon (Vaults:5)
  3 frost giants (Vaults:5)
  An imperial myrmidon (Desolation)
  4 deep elf sorcerers
  A draconian scorcher (Zot:3)
  A juggernaut zombie (Crypt:3)
  A draconian stormcaller (Zot:1)
  A ghoul (Crypt:1)
  A curse skull (Crypt:1)
  An orc warlord (Orc:1)
  2 angels (WizLab)
  A very ugly thing (Vaults:4)
  A formless jellyfish (Vaults:3)
  4 ironbound preservers (Vaults:5)
  2 draconian annihilators
  An ironbound thunderhulk (WizLab)
  A vampire knight (Depths:3)
  4 stone giants
  Nessos (D:12)
  2 red draconians
  2 black draconians
  6 deep elf death magi
  2 purple draconians
  2 dire elephants (Vaults:2)
  2 green draconians (Zot:1)
  3 war gargoyles
  A bunyip (Swamp:3)
  3 white draconians
  A spark wasp (D:15)
  A halazid warlock (Desolation)
  5 ettins
  7 deep elf high priests
  4 fire dragons
  2 ragged hierophants (Desolation)
  3 servants of whispers (Desolation)
  2 yaktaur captains
  A jiangshi (Crypt:2)
  A fenstrider witch zombie (Crypt:1)
  21 vault guards
  4 peacekeepers
  A salamander tyrant (WizLab)
  2 great orbs of eyes
  Erolcha (D:9)
  2 ice dragons (Depths:3)
  2 centaur warriors
  A rakshasa (D:15)
  5 hydras
  2 catoblepae
  9 dancing weapons (Elf:2)
  4 boulder beetles
  A radroach (Spider:4)
  2 satyrs (Zot:1)
  2 two-headed ogres
  A deep troll shaman (Depths:3)
  2 demonic crawlers (Spider:4)
  4 death yaks
  3 deep elf knights
  A skyshark (Lair:2)
  A fire crab (Lair:3)
  2 iron trolls (Depths:3)
  4 hell knights
  A flayed ghost (Crypt:2)
  A goliath frog (Zot:1)
  6 skeletal warriors
  5 deep trolls
  3 swamp dragons
  2 sun moths
  2 bog bodies
  2 phantasmal warriors
  A deep elf archer (Elf:1)
  4 ironbound convokers
  4 necromancers
  A nameless horror (Vaults:5)
  9 deep elf pyromancers
  A lindwurm (Vaults:1)
  6 deep elf zephyrmancers
  2 steelbarb worms
  5 ugly things
  2 orc knights
  2 wolf spiders (Spider:4)
  A cyclops (D:11)
  4 will-o-the-wisps
  An alligator skeleton (Crypt:2)
  A salamander (WizLab)
  2 elephants
  An eleionoma skeleton (Crypt:1)
  8 vault sentinels
  A guardian serpent (shapeshifter) (Vaults:5)
  3 molten gargoyles
  2 orange demons
  3 gargoyles (WizLab)
  A kobold demonologist (D:10)
  A rime drake (IceCv)
  A torpor snail (shapeshifter) (Vaults:5)
  A freezing wraith (Crypt:1)
  4 komodo dragons
  12 yaktaurs
  2 guardian mummies
  An ice devil (Zot:1)
  A hydra zombie (Swamp:4)
  A bloated husk (Swamp:2)
  2 trolls
  A glass eye (Depths:3)
  9 saltlings (Desolation)
  A tarantella (Spider:1)
  A tyrant leech (Swamp:4)
  4 hornets
  A hydra skeleton (Crypt:2)
  A harpy skeleton (Crypt:3)
  A dream sheep (shapeshifter) (Vaults:1)
  A fire dragon zombie (Crypt:1)
  A blink frog (Lair:4)
  5 slime creatures
  A jumping spider (Spider:4)
  A culicivora (Spider:4)
  A fire dragon skeleton (Crypt:3)
  2 wyverns
  3 spriggans (Swamp:4)
  3 wraiths
  A slime creature zombie (Crypt:1)
  5 yaks
  5 redbacks
  A chaos spawn (Zot:1)
  3 vampire mosquitoes (D:11)
  A naga zombie (Crypt:2)
  A swamp worm (Swamp:2)
  A naga skeleton (Crypt:3)
  A swamp drake (Swamp:2)
  A glowing shapeshifter skeleton (Vaults:5)
  7 laughing skulls
  8 orc warriors
  4 wolves
  2 centaurs (D:15)
  2 human zombies
  A bullfrog (Lair:3)
  A necrophage (Crypt:1)
  A wight (D:7)
  2 killer bees
  A raiju skeleton (Crypt:2)
  A wolf zombie (Crypt:1)
  2 orc priests
  Crazy Yiuf (D:3)
  4 orc wizards
  5 mummies
  A ribbon worm zombie (Crypt:2)
  9 orcs
  A kobold (D:10)
  A ball python skeleton (Crypt:1)
  A goblin skeleton (Crypt:1)
447 creatures vanquished.

Vanquished Creatures (others)
  A draconian knight (Zot:1)
  A stone giant (Depths:2)
  A salamander (WizLab)
  A centaur (D:15)
  15 foxfires
19 creatures vanquished.

Grand Total: 2742 creatures vanquished

Table legend: (Time is in decaauts)
 A = Elapsed time spent in this place.
 B = Non-inter-level travel time spent in this place.
 C = Inter-level travel time spent in this place.
 D = Time resting spent in this place.
 E = Time spent auto-exploring this place.
 F = Levels seen in this place.
 G = Mean time per level.
                   A        B        C        D        E       F      G
               +--------+--------+--------+--------+--------+-----+--------+
         Total |  98879 |  89673 |   9206 |  16586 |  58144 |  55 | 1797.8 |
       Dungeon |  25736 |  21841 |   3895 |   3387 |  15039 |  15 | 1715.7 |
          Lair |  11228 |  10704 |    524 |   1311 |   8191 |   5 | 2245.6 |
         Swamp |   4345 |   4093 |    252 |    789 |   2581 |   4 | 1086.2 |
   Spider Nest |   8892 |   8249 |    643 |   2742 |   4259 |   4 | 2223.0 |
  Orcish Mines |   4677 |   4359 |    318 |    653 |   3120 |   2 | 2338.5 |
   Elven Halls |   5220 |   4843 |    377 |    589 |   3155 |   3 | 1740.0 |
        Vaults |  11165 |  10448 |    717 |   2072 |   6209 |   5 | 2233.0 |
         Crypt |   5253 |   5085 |    168 |    236 |   3757 |   3 | 1751.0 |
        Depths |   7081 |   5839 |   1242 |    726 |   4272 |   4 | 1770.2 |
           Zot |  10499 |   9433 |   1066 |   3619 |   4475 |   5 | 2099.8 |
         Trove |    101 |    101 |      0 |      0 |     37 |   1 |  101.0 |
       Ossuary |   1098 |   1098 |      0 |    238 |    591 |   1 | 1098.0 |
      Ice Cave |   1261 |   1261 |      0 |      0 |   1113 |   1 | 1261.0 |
        Wizlab |   1115 |   1115 |      0 |    176 |    615 |   1 | 1115.0 |
    Desolation |   1201 |   1201 |      0 |     48 |    729 |   1 | 1201.0 |
               +--------+--------+--------+--------+--------+-----+--------+

Top non-repeatable levels by time:
     D:8: 3745 daAuts
  Lair:3: 3233 daAuts
   Zot:5: 3167 daAuts
Depths:4: 2977 daAuts
   Orc:1: 2835 daAuts
Vaults:1: 2765 daAuts
Vaults:4: 2676 daAuts
Spider:3: 2560 daAuts
Spider:4: 2415 daAuts
 Crypt:3: 2409 daAuts
Spider:2: 2333 daAuts
  Lair:4: 2242 daAuts
   Zot:2: 2227 daAuts
  Lair:5: 2162 daAuts
   Zot:4: 2134 daAuts

Table legend:
 A = Non-vault XP
 B = Vault XP
 C = Vault XP percentage of total XP
 D = Non-vault monster count
 E = Vault monster count
 F = Vault count percentage of total count
                 A         B        C        D         E       F
            +---------+---------+-------+---------+---------+-------
      Total |  754188 |  902256 |  54.5 |    1440 |    1243 |  46.3
            +---------+---------+-------+---------+---------+-------
        D:1 |      71 |       0 |   0.0 |      26 |       0 |   0.0
        D:2 |     151 |      33 |  17.9 |      19 |       1 |   5.0
        D:3 |     219 |      41 |  15.8 |      26 |       1 |   3.7
        D:4 |     271 |     121 |  30.9 |      21 |       4 |  16.0
        D:5 |     734 |       0 |   0.0 |      10 |       0 |   0.0
        D:6 |     639 |       0 |   0.0 |       8 |       0 |   0.0
        D:7 |    1975 |       0 |   0.0 |      28 |       0 |   0.0
        D:8 |    1410 |    3680 |  72.3 |      26 |      20 |  43.5
        D:9 |    3637 |     852 |  19.0 |      28 |       1 |   3.4
       D:10 |    3408 |     946 |  21.7 |      32 |      20 |  38.5
       D:11 |    4752 |     372 |   7.3 |      15 |      17 |  53.1
       D:12 |    6066 |    1020 |  14.4 |      23 |       1 |   4.2
       D:13 |    5662 |    1669 |  22.8 |      23 |       2 |   8.0
       D:14 |    8351 |    8449 |  50.3 |      18 |      20 |  52.6
       D:15 |   20716 |    1270 |   5.8 |      34 |       1 |   2.9
     Lair:1 |    4693 |    1203 |  20.4 |      19 |       4 |  17.4
     Lair:2 |    6406 |    4360 |  40.5 |      19 |      14 |  42.4
     Lair:3 |    9428 |   12003 |  56.0 |      38 |      48 |  55.8
     Lair:4 |    5973 |    2808 |  32.0 |      14 |       9 |  39.1
     Lair:5 |   14258 |    7808 |  35.4 |      41 |      45 |  52.3
    Swamp:1 |    6482 |       0 |   0.0 |      12 |       0 |   0.0
    Swamp:2 |   13951 |    9451 |  40.4 |      24 |      10 |  29.4
    Swamp:3 |   18021 |    4226 |  19.0 |      32 |       8 |  20.0
    Swamp:4 |   13211 |   18115 |  57.8 |      31 |      33 |  51.6
   Spider:1 |   17192 |     278 |   1.6 |      51 |       1 |   1.9
   Spider:2 |   14072 |    7543 |  34.9 |      32 |       8 |  20.0
   Spider:3 |   17061 |    3277 |  16.1 |      36 |       3 |   7.7
   Spider:4 |   22699 |   32295 |  58.7 |      47 |      57 |  54.8
      Orc:1 |    4544 |    5918 |  56.6 |      33 |      29 |  46.8
      Orc:2 |    6931 |    8310 |  54.5 |      40 |      72 |  64.3
      Elf:1 |   19064 |   16468 |  46.3 |      33 |      21 |  38.9
      Elf:2 |   10133 |   29575 |  74.5 |      17 |      39 |  69.6
      Elf:3 |   13161 |   34113 |  72.2 |      20 |      31 |  60.8
   Vaults:1 |   27573 |   33599 |  54.9 |      40 |      43 |  51.8
   Vaults:2 |   19597 |   24218 |  55.3 |      31 |      29 |  48.3
   Vaults:3 |   21535 |   26226 |  54.9 |      29 |      29 |  50.0
   Vaults:4 |   22428 |   53079 |  70.3 |      27 |      58 |  68.2
   Vaults:5 |   19306 |  106950 |  84.7 |      33 |      81 |  71.1
    Crypt:1 |   22018 |    1966 |   8.2 |      57 |       2 |   3.4
    Crypt:2 |   32475 |    9886 |  23.3 |      50 |       4 |   7.4
    Crypt:3 |       0 |   66378 | 100.0 |       0 |      92 | 100.0
   Depths:1 |   26335 |   12891 |  32.9 |      29 |      13 |  31.0
   Depths:2 |   37660 |    1746 |   4.4 |      44 |       3 |   6.4
   Depths:3 |   30700 |   38880 |  55.9 |      33 |      37 |  52.9
   Depths:4 |   26178 |   72515 |  73.5 |      28 |      60 |  68.2
      Zot:1 |   54704 |    4840 |   8.1 |      47 |       3 |   6.0
      Zot:2 |   36778 |   34661 |  48.5 |      31 |      29 |  48.3
      Zot:3 |   36607 |       0 |   0.0 |      34 |       0 |   0.0
      Zot:4 |   54066 |    3183 |   5.6 |      43 |       1 |   2.3
      Zot:5 |   10886 |  104630 |  90.6 |       8 |      41 |  83.7
    Ossuary |       0 |    1306 | 100.0 |       0 |      32 | 100.0
      IceCv |       0 |   13009 | 100.0 |       0 |      36 | 100.0
     WizLab |       0 |   35938 | 100.0 |       0 |      45 | 100.0
 Desolation |       0 |   40151 | 100.0 |       0 |      85 | 100.0
            +---------+---------+-------+---------+---------+-------
